Cogmind - Beta 16 @@@ ROGUE MODE // 2025.11.06 @ 20:40:32 Player: Dosh Result: Destroyed by S-43 Plague with Heavy Machine Gun Performance ------------- Evolutions (9) 4500 Regions Visited (30) 6000 Robots Destroyed (449) 2245 Value Destroyed (31063) 31063 Prototype IDs (76) 1520 Alien Tech Used (0) 0 Bonus (27766) 27766 TOTAL SCORE: 73094 Bonus ------- High Alert Combat Kills 1479 Follower Combat Kills 8301 Entered Garrisons 2000 Used RIF Installer 5500 Aligned with FarCom 300 Destroyed MAIN.C Guards 500 Met MAIN.C 5000 Destroyed MAIN.C Shell 5000 Friendly Fire -314 Cogmind --------- Core Integrity 0/1600 Matter 300/300 Energy 50/100 System Corruption 33% Temperature Cool (0) Movement Core (50) Location -1/Command Parts ------- > --- POWER (3) -------- (None) > --- PROPULSION (8) --- (None) > --- UTILITY (12) ----- Experimental Armor Integrity Analyzer Graphene Brace > --- WEAPON (2) ------- (None) > --- INVENTORY (5) ---- Quantum Reactor Firepult Cooled Nova Cannon Fusion Bomb Launcher Peak State ------------ > --- POWER ------------ Reinforced Quantum Reactor Zero-point Reactor Zero-point Reactor > --- PROPULSION ------- Armored Heavy Treads Armored Heavy Treads Armored Heavy Treads Experimental Biometal Heavy Treads > --- UTILITY ---------- Advanced Cryofiber Web Advanced Heat Sink High-capacity Storage Unit Experimental Armor Integrity Analyzer Improved Utility Shielding Centrium Medium Armor Plating Heavy Regenerative Plating Graphene Brace Improved Focal Shield Advanced Remote Force Field Improved Dynamic Insulation System > --- WEAPON ----------- Cooled Nova Cannon Cooled Nova Cannon > --- INVENTORY -------- Quantum Reactor Quantum Reactor Reinforced Quantum Reactor Armored Heavy Treads Biometal Heavy Treads Biometal Heavy Treads Advanced Heat Sink Advanced Heat Sink Experimental Energy Well Experimental Matter Compressor Medium Reflective Plating Enhanced Nova Cannon Firepult Linear Accelerator Fusion Bomb Launcher Advanced Remote Datajack [Rating: 217] Favorites ----------- Power Improved Quantum Reactor Engine F-cell Engine Power Core Micro Nuclear Core Reactor Improved Quantum Reactor Propulsion Advanced VSS Leg Treads Armored Heavy Treads Leg Advanced VSS Leg Flight Unit Surge Thruster Utility Relay Coupler [Grunt] Device Advanced Remote Force Field Storage High-capacity Storage Unit Processor Experimental Core Analyzer Hackware Relay Coupler [Grunt] Protection Improved Medium Armor Plating Weapon Nova Cannon Energy Gun Medium Laser Energy Cannon Nova Cannon Ballistic Gun Assault Rifle Ballistic Cannon Linear Accelerator Launcher Gamma Bomb Array Special Weapon Improved Remote Datajack Special Melee Weapon Datajack Build | -11 -10 -10 -9 -9 -9 -8 -8 -8 -8 -8 -7 -7 -6 -6 -6 -6 -5 -5 -5 -5 -4 -4 -4 -4 -3 -3 -2 -2 -1 -1 ------- Run | Yrd Mat Min Mat Min Exi Min Mat Gar Mat Gar Fac Gar Fac Gar Fac Gar Fac Gar Fac Gar Fac Gar Fac Gar Res Tes Res Gar Acc Com Slots Evolved 18 | . . . 2 . . . 2 . . . 2 . 2 . . . 2 . . . 2 . . . 2 . 2 . 2 . Power 2 | . . . . . . . . . . . . . 1 . . . . . . . . . . . 1 . . . . . Propulsion 6 | . . . 1 . . . 1 . . . 1 . . . . . 1 . . . 1 . . . . . 1 . . . Utility 10 | . . . 1 . . . 1 . . . 1 . 1 . . . 1 . . . 1 . . . 1 . 1 . 2 . Weapon . | . . . . . . . . . . . . . . . . . . . . . . . . . . . . . . . Parts Attached 381 | 6 10 2 30 4 3 4 20 10 1 18 20 15 6 18 8 15 14 15 4 7 9 13 10 13 4 18 6 18 5 55 Power 39 | 1 1 . 4 1 . 1 2 1 . 1 1 1 1 3 2 . . 1 . . 2 2 2 . . 2 2 1 1 6 Engine 17 | 1 1 . 4 1 . . 2 1 . . 1 1 1 2 2 . . . . . . . . . . . . . . . Core 3 | . . . . . . 1 . . . 1 . . . . . . . . . . . . . . . 1 . . . . Reactor 19 | . . . . . . . . . . . . . . 1 . . . 1 . . 2 2 2 . . 1 2 1 1 6 Propulsion 102 | 2 3 1 12 2 . 3 6 5 . 4 5 1 . 7 . 5 3 3 1 . 3 4 4 2 2 7 . 3 1 13 Treads 12 | . . . . . . . . . . . . . . . . . . . . . . . . . . . . . . 12 Leg 89 | 2 3 1 12 2 . 3 6 5 . 4 5 . . 7 . 5 3 3 1 . 3 4 4 2 2 7 . 3 1 1 Wheel . | . . . . . . . . . . . . . . . . . . . . . . . . . . . . . . . Hover . | . . . . . . . . . . . . . . . . . . . . . . . . . . . . . . . Flight 1 | . . . . . . . . . . . . 1 . . . . . . . . . . . . . . . . . . Utility 172 | 1 3 . 7 . 2 . 5 2 1 8 7 10 3 7 6 7 8 11 3 7 3 6 3 10 . 7 3 11 2 29 Device 42 | . . . 1 . 1 . 3 1 . 1 1 1 . 1 . 5 1 2 1 . . . . . . 2 3 4 1 13 Storage 5 | 1 1 . . . . . . . . . . 1 . . . . . . . . . . . . . . . . . 2 Processor 7 | . 1 . . . . . . . . . 1 . 1 . . . . . . . 1 . . . . . . . . 3 Hackware 85 | . . . . . . . . 1 . 7 4 6 2 6 4 2 6 6 2 5 2 6 3 7 . 4 . 7 1 4 Protection 33 | . 1 . 6 . 1 . 2 . 1 . 1 2 . . 2 . 1 3 . 2 . . . 3 . 1 . . . 7 Artifact . | . . . . . . . . . . . . . . . . . . . . . . . . . . . . . . . Weapon 68 | 2 3 1 7 1 1 . 7 2 . 5 7 3 2 1 . 3 3 . . . 1 1 1 1 2 2 1 3 1 7 Energy Gun 12 | 1 1 . 1 . . . 1 . . . 6 1 . . . . . . . . . . . . . 1 . . . . Energy Cannon 25 | . . . . . 1 . 3 1 . 3 . 1 2 1 . 2 1 . . . . 1 . . 1 1 1 2 . 4 Ballistic Gun 7 | 1 . . 5 . . . 1 . . . . . . . . . . . . . . . . . . . . . . . Ballistic Cannon 3 | . . . . . . . . . . . . . . . . . . . . . . . . . . . . . . 3 Launcher 10 | . 2 1 1 1 . . 1 1 . . . . . . . . 1 . . . . . 1 . . . . 1 . . Special Weapon 10 | . . . . . . . . . . 2 1 1 . . . 1 1 . . . 1 . . 1 1 . . . 1 . Impact Weapon . | . . . . . . . . . . . . . . . . . . . . . . . . . . . . . . . Slashing Weapon . | . . . . . . . . . . . . . . . . . . . . . . . . . . . . . . . Piercing Weapon . | . . . . . . . . . . . . . . . . . . . . . . . . . . . . . . . Special Melee Weapon 1 | . . . . . . . 1 . . . . . . . . . . . . . . . . . . . . . . . Unidentified Prototypes 21 | . . . . . . . 2 . . . 1 . . . 2 . . 1 . . . . . . . 7 . 1 . 7 Corrupted Parts 1 | . . . . . . . . . . . . . . . . . . . . . . . . . . 1 . . . . System Corruption 10 | . . . . . . . . . . . . . . . . . . . . . . . . . . 10 . . . . Parts Lost 69 | . 1 1 7 3 . . 4 8 . 5 . 1 . 1 . . 3 . . . . 2 . 1 . . . 1 . 31 Power 8 | . . . 1 . . . . 1 . 1 . 1 . . . . . . . . . 1 . . . . . . . 3 Propulsion 20 | . . 1 1 2 . . 1 2 . 3 . . . 1 . . . . . . . 1 . . . . . 1 . 7 Utility 33 | . . . 3 1 . . 3 3 . . . . . . . . 3 . . . . . . 1 . . . . . 19 Weapon 8 | . 1 . 2 . . . . 2 . 1 . . . . . . . . . . . . . . . . . . . 2 Highest Loss Streak 21 | . 1 1 2 3 . . 1 2 . 2 . 1 . 1 . . 2 . . . . 1 . 1 . . . 1 . 21 To Critical Strikes 1 | . . . . 1 . . . . . . . . . . . . . . . . . . . . . . . . . . Average Backups 15 | . 6 11 14 14 14 14 13 12 13 12 13 14 14 18 18 17 17 18 18 18 18 18 17 18 18 18 17 17 18 16 Power 1 | . . . . 1 1 1 1 . . . 1 . . . 1 1 2 2 2 2 2 1 1 1 . 1 2 1 1 1 Propulsion 2 | . 1 2 3 2 3 3 3 3 1 . . . 1 1 2 2 1 2 2 2 2 3 4 3 2 2 3 3 3 3 Utility 7 | . 2 5 6 6 5 5 4 4 9 8 8 8 8 10 10 9 9 9 10 10 10 9 7 8 9 7 5 7 7 5 Weapon 4 | . 3 3 4 4 4 4 4 3 2 2 3 3 4 5 5 3 3 3 4 3 3 4 4 4 4 4 4 4 4 4 Tool/Special . | . . . . . . . . . . . . . . . . . . . . . . . . . . . . . . . Unused Backups 53 | . 2 . 3 1 . 2 2 . . 3 3 4 . 4 2 1 1 4 1 2 . 3 1 . 2 . 1 6 . 5 Power 7 | . . . 1 . . 1 . . . . 1 . . . . . . . . . . 1 . . 1 . 1 . . 1 Propulsion 10 | . 1 . . . . 1 . . . 2 . . . . 1 . . 1 . . . 1 . . 1 . . 1 . 1 Utility 25 | . . . 1 . . . 1 . . 1 1 2 . 2 1 1 . 3 1 2 . 1 1 . . . . 4 . 3 Weapon 8 | . 1 . 1 1 . . 1 . . . 1 1 . 2 . . . . . . . . . . . . . . . . Tool/Special 3 | . . . . . . . . . . . . 1 . . . . 1 . . . . . . . . . . 1 . . Average Slot Usage (%) 95 | . 98 100 97 91 94 100 97 92 96 98 86 97 99 99 99 100 94 99 99 99 99 99 99 97 94 94 94 94 95 83 Engine 5 | . 14 14 9 11 11 6 7 8 9 1 6 5 13 7 7 13 11 6 5 5 . . . . . . . . . . Reactor 4 | . . . . . . . . . . . . . . 4 5 . . 3 5 5 9 10 10 10 14 11 13 13 12 11 Treads 1 | . . . . . . . . . . . . . . . . . . . . . . . . . . . . . . 10 Leg 30 | . 27 28 32 32 33 33 36 35 36 35 31 37 33 33 33 33 35 35 34 35 36 35 36 36 33 33 34 34 32 9 Device 11 | . . . 4 3 3 11 17 12 9 6 5 5 6 9 8 10 9 11 11 10 9 10 9 8 8 8 14 12 19 23 Storage 6 | . 14 14 11 11 11 11 9 9 9 9 7 7 6 6 6 6 5 5 5 5 5 5 5 5 4 4 4 4 4 3 Processor 1 | . 3 . . . . . . . . . . . . . . . . . . . 4 5 5 5 4 4 4 4 4 3 Hackware 10 | . . . . . . . . 4 9 18 9 13 19 16 22 22 16 18 17 16 15 18 15 15 14 14 11 13 12 5 Protection 6 | . 9 14 16 11 13 11 7 3 5 . 7 7 6 6 . . 2 3 5 5 5 2 4 4 4 4 4 4 4 6 Energy Gun 2 | . 14 13 5 10 11 10 . . . . 10 9 3 . . . . . . . . . . . . . . . . . Energy Cannon 6 | . . . . . 3 11 17 16 18 12 1 3 5 6 6 9 8 5 5 6 6 5 5 6 6 6 7 7 6 6 Ballistic Gun 2 | . 12 14 16 11 7 . . . . . . . . . . . . . . . . . . . . . . . . . Special Weapon 1 | . . . . . . . . . . 5 1 1 3 5 6 2 2 4 5 3 3 3 4 3 2 1 . . 1 . Peak Build Rating 217 | 6 9 10 17 17 21 28 36 37 34 46 54 53 60 72 72 93 111 113 110 110 131 133 138 138 153 173 195 191 206 217 Average Rating 94 | 4 8 9 14 16 18 26 32 31 32 41 49 51 57 65 68 86 99 107 105 106 127 128 130 135 151 155 190 186 201 202 On Entrance 80 | . 6 9 10 17 17 21 28 30 31 34 39 52 52 60 72 70 89 100 108 106 109 129 133 138 135 153 173 191 183 204 Avg Prop Armor Cover (%) 2 | . . . . . . . . . . . . 4 . . . . . . . . . 2 2 4 2 . 2 2 2 2 Naked Turns . | . . . . . . . . . . . . . . . . . . . . . . . . . . . . . . . Heaviest Build 183 | 12 34 35 40 40 45 44 55 50 44 44 64 83 85 100 100 108 124 120 120 120 120 121 125 125 152 152 174 174 179 183 Greatest Support 300 | 20 20 20 30 35 35 53 66 61 58 77 91 88 88 88 81 87 117 125 112 117 150 167 167 176 186 201 231 199 201 300 Greatest Overweight (x) 2 | . 1 1 1 1 1 1 . 2 . . . 1 . 1 1 1 1 1 1 1 . . . . . . . . . 2 Average Overweight (x) . | . . 1 1 1 1 . . . . . . . . . . . . . . . . . . . . . . . . . Largest Inventory Capacity 20 | 8 15 15 15 15 15 15 15 15 15 15 15 20 20 20 20 20 20 20 20 20 20 20 20 20 20 20 20 20 20 20 Average Capacity 17 | 7 9 15 15 15 15 15 15 15 15 15 15 15 20 20 20 20 20 20 20 20 20 20 20 20 20 20 20 20 20 19 Most Carried 20 | 1 10 14 15 15 15 15 15 15 15 15 15 18 19 20 20 20 20 20 20 20 20 20 20 20 20 20 20 20 20 20 Average Carried 17 | . 6 11 14 14 14 14 14 13 14 13 14 15 15 19 19 19 18 19 19 19 19 19 19 19 19 19 19 19 19 18 Final Capacity 20 | 8 15 15 15 15 15 15 15 15 15 15 15 20 20 20 20 20 20 20 20 20 20 20 20 20 20 20 20 20 20 5 Final Carried 20 | 1 10 14 15 15 15 15 15 14 15 15 15 17 19 20 20 20 20 20 20 20 20 20 20 20 20 20 20 20 18 5 Class Distribution -------------------- 54% | Botlord-Mutant 17% | Mutant 15% | Scavenger-Mutant 11% | Bothacker-Mutant Dominant Class ---------------- Mutant | -10/Materials Mutant | -10/Mines Scavenger-Mutant | -9/Materials Mutant | -9/Mines Mutant | -9/Exiles Scavenger-Mutant | -8/Mines Mutant | -8/Materials Mutant | -8/Garrison Bothacker-Mutant | -8/Materials Bothacker-Mutant | -8/Garrison Bothacker-Mutant | -7/Factory Bothacker-Mutant | -7/Garrison Bothacker-Mutant | -6/Factory Botlord-Mutant | -6/Garrison Botlord-Mutant | -6/Factory Botlord-Mutant | -6/Garrison Botlord-Mutant | -5/Factory Botlord-Mutant | -5/Garrison Botlord-Mutant | -5/Factory Botlord-Mutant | -5/Garrison Botlord-Mutant | -4/Factory Botlord-Mutant | -4/Garrison Botlord-Mutant | -4/Factory Botlord-Mutant | -4/Garrison Botlord-Mutant | -3/Research Botlord-Mutant | -3/Testing Botlord-Mutant | -2/Research Botlord-Mutant | -2/Garrison Botlord-Mutant | -1/Access Botlord-Mutant | -1/Command Resources | -11 -10 -10 -9 -9 -9 -8 -8 -8 -8 -8 -7 -7 -6 -6 -6 -6 -5 -5 -5 -5 -4 -4 -4 -4 -3 -3 -2 -2 -1 -1 ----------- Run | Yrd Mat Min Mat Min Exi Min Mat Gar Mat Gar Fac Gar Fac Gar Fac Gar Fac Gar Fac Gar Fac Gar Fac Gar Res Tes Res Gar Acc Com Matter Collected 12878 | 229 373 160 1062 110 3 151 408 410 21 417 608 486 28 573 83 295 495 444 97 643 275 581 321 554 96 777 141 644 196 2197 Remotely . | . . . . . . . . . . . . . . . . . . . . . . . . . . . . . . . Salvage Created 22196 | . 572 110 1541 79 . 134 2012 943 56 347 606 688 17 190 . 511 1188 192 159 771 174 906 . 491 486 1539 329 1644 634 5877 Parts 1025 | . 31 9 97 8 . 11 105 56 1 18 17 27 2 7 . 35 54 11 1 36 12 44 . 23 21 78 18 65 33 205 Haulers Intercepted 12 | . 1 . 4 . . . 5 . . . 2 . . . . . . . . . . . . . . . . . . . Recyclers Shooed 20 | . 1 . 2 . . 1 3 . . . . . . . . . 4 . 1 . . . . . 2 . . . . 6 Parts Field Recycled . | . . . . . . . . . . . . . . . . . . . . . . . . . . . . . . . Retrieved Matter . | . . . . . . . . . . . . . . . . . . . . . . . . . . . . . . . Parts Self-Destructed . | . . . . . . . . . . . . . . . . . . . . . . . . . . . . . . . Prevented . | . . . . . . . . . . . . . . . . . . . . . . . . . . . . . . . Parts Restored . | . . . . . . . . . . . . . . . . . . . . . . . . . . . . . . . Kills | -11 -10 -10 -9 -9 -9 -8 -8 -8 -8 -8 -7 -7 -6 -6 -6 -6 -5 -5 -5 -5 -4 -4 -4 -4 -3 -3 -2 -2 -1 -1 ------- Run | Yrd Mat Min Mat Min Exi Min Mat Gar Mat Gar Fac Gar Fac Gar Fac Gar Fac Gar Fac Gar Fac Gar Fac Gar Res Tes Res Gar Acc Com Combat Hostiles Destroyed 371 | . 16 8 32 4 . 7 33 37 1 11 11 14 . 5 . 5 20 3 . 17 1 15 . 12 4 22 4 29 7 53 Melee 1 | . . . . . . . . 1 . . . . . . . . . . . . . . . . . . . . . . Guns 66 | . 5 6 29 3 . 2 3 . . . 4 14 . . . . . . . . . . . . . . . . . . Cannons 154 | . . . . . . 1 22 18 1 6 2 . . 3 . 4 18 . . 4 1 6 . 6 3 10 3 15 7 24 AOE 106 | . 11 2 3 1 . 4 7 17 . 4 4 . . 2 . 1 2 3 . 9 . 7 . 6 . 3 1 12 . 7 Classes Destroyed 24 | . 6 1 4 2 . . 1 2 . . . 2 . . . 1 1 . . . . 1 . . . 1 . 1 . 1 Worker 18 | . . . . . . . . . . . . . . . . . 3 . 1 . 1 . . . 1 3 . . . 9 Builder 6 | . 1 . 1 . . . 1 . . . 1 . 1 . . . . . . . . . . . . 1 . . . . Hauler 12 | . 1 . 4 . . . 5 . . . 2 . . . . . . . . . . . . . . . . . . . Recycler 16 | . 2 . 1 . . 1 3 . . . 1 . . . . . 1 . 1 . 1 . . . 1 . . . 1 3 Mechanic 2 | . . . 1 . . . 1 . . . . . . . . . . . . . . . . . . . . . . . Operator 10 | . . . 2 . . . 4 . . . 1 . . . . . . . . . . . . . . . . . . 3 Watcher 10 | . 2 . 1 . . . 5 . . . . . . . . . 1 . . . . . . . . 1 . . . . Swarmer 106 | . 6 3 6 . . 7 8 12 . 5 4 2 . 2 . . 9 . . 11 . 7 . 5 . 4 . 9 . 6 Cutter 2 | . . . . . . . . . . . . 2 . . . . . . . . . . . . . . . . . . Saboteur 3 | . . . . . . . . 3 . . . . . . . . . . . . . . . . . . . . . . Grunt 100 | . 10 2 16 1 . . 14 13 . 4 4 5 . 2 . 1 2 . . 2 . 3 . . 2 5 2 9 2 1 Brawler 6 | . . . 1 1 . . 1 2 . . . . . . . . . . . . . . . . . . . 1 . . Duelist 6 | . . . . 1 . . . . . . 1 2 . . . . . . . . . . . . . 1 . 1 . . Protector 1 | . . . . 1 . . . . . . . . . . . . . . . . . . . . . . . . . . Sentry 30 | . . . 9 . . . 8 4 1 1 2 1 . . . . . . . . . . . . . . . . . 4 Specialist 1 | . . . . . . . . . . . . . . . . 1 . . . . . . . . . . . . . . Hunter 30 | . . . . . . . 2 . . . . . . 1 . . 2 3 . 3 . 2 . 3 . 7 . 2 . 5 Programmer 60 | . . . . . . . . 3 . 2 . 1 . . . 3 7 . . 2 1 1 . 3 3 2 1 5 5 21 Q-Series 2 | . . . . . . . . . . . . . . . . . . . . . . . . . . . . 2 . . Behemoth 9 | . . . . . . . . . . . . 1 . . . . . . . . . 2 . 1 . . 1 1 . 3 M Guard 2 | . . . . . . . . . . . . . . . . . . . . . . . . . . . . . . 2 Combat Programmer 2 | . . . . . . . . . . . . . . . . . . . . . . . . . . . . . . 2 Striker 4 | . . . . . . . . . . . . . . . . . . . . . . . . . . 2 . . . 2 Executioner 5 | . . . . . . . . . . . . . . . . . . . . . . 1 . . . . . . . 4 Alpha 7 2 | . . . . . . . . . . . . . . . . . . . . . . . . . . . . . . 2 Protovariant Y 1 | . . . . . . . . . . . . . . . . . . . . . . . . . . 1 . . . . Assembled 3 | . . 3 . . . . . . . . . . . . . . . . . . . . . . . . . . . . Guerrilla 1 | . . . . . . . . . . . . . . . . . . . . 1 . . . . . . . . . . Infiltrator 1 | . . . . . . . . . . . . . . . . 1 . . . . . . . . . . . . . . Best Kill Streak 14 | . 14 3 5 4 . 4 6 7 1 4 4 2 1 3 . 2 8 3 1 4 2 4 . 5 4 6 1 9 4 6 Combat Bots Only 11 | . 11 3 3 4 . 4 5 7 1 4 4 2 . 3 . 2 6 3 . 4 1 4 . 5 2 4 1 9 3 6 Max Kills in Single Turn 5 | . 2 2 3 2 . 2 4 3 1 4 4 1 1 2 . 1 2 2 1 5 1 3 . 5 1 3 1 3 1 4 Gunslinging 1 | . . . 1 . . . . . . . . . . . . . . . . . . . . . . . . . . . Exploded 5 | . 2 2 2 1 . 2 3 3 . 4 4 . . 2 . 1 2 2 . 4 . 3 . 5 . 2 1 3 . 4 Melee 1 | . . . . . . . . 1 . . . . . . . . . . . . . . . . . . . . . . Uniques/NPCs Destroyed 1 | . . . . . . . . . . . . . . . . . . . . . . . . . . . . . . 1 MAIN.C Shell (-1/Command) Combat | -11 -10 -10 -9 -9 -9 -8 -8 -8 -8 -8 -7 -7 -6 -6 -6 -6 -5 -5 -5 -5 -4 -4 -4 -4 -3 -3 -2 -2 -1 -1 -------- Run | Yrd Mat Min Mat Min Exi Min Mat Gar Mat Gar Fac Gar Fac Gar Fac Gar Fac Gar Fac Gar Fac Gar Fac Gar Res Tes Res Gar Acc Com Hostile Shots Fired 2696 | . 50 20 188 16 . 22 130 116 2 83 125 88 . 50 7 31 141 33 . 96 14 64 28 28 22 185 31 156 32 938 Missed 836 | . 18 1 39 5 . 6 33 30 1 19 55 25 . 16 2 6 34 8 . 36 8 23 12 7 14 60 15 52 15 296 Hits 1860 | . 32 19 149 11 . 16 97 86 1 64 70 63 . 34 5 25 107 25 . 60 6 41 16 21 8 125 16 104 17 642 Melee 51 | . . . . 10 . . . 2 . . . 9 . . . . . 1 . 2 . . . 1 . 19 . . . 7 Projectile 1809 | . 32 19 149 1 . 16 97 84 1 64 70 54 . 34 5 25 107 24 . 58 6 41 16 20 8 106 16 104 17 635 AOE 4 | . . . . . . . . . . . 1 . . . . . . . . . . . . . . . . . . 3 Critical Strikes 97 | . . . 10 3 . . 1 4 . . 1 3 . . . 2 4 . . 3 1 2 . 3 . 7 2 6 2 43 Actively Blocked 31 | . . . . . . . . . . . . . . . . . . . . . . . . . . . . . . 31 Part Disruptions 25 | . . . . . . . . . . . . . . . . . . 1 . . . . . . . . 1 1 . 22 Actively Blocked 22 | . . . . . . . . . . . . . . . . . . . . . . . . . . . . . . 22 Damage Taken 33086 | . 394 223 1853 301 . 124 1255 1107 40 933 843 820 4 660 63 208 1492 591 . 764 108 858 358 319 117 2107 284 1457 203 15600 Core 3560 | . 41 71 193 30 . 32 179 202 8 157 89 79 . 26 . 38 190 92 . 86 30 34 32 21 . 284 20 25 . 1601 Absorbed by Shields 7775 | . . . 154 15 . . 227 36 . . . . . 112 54 179 459 191 . 400 8 186 167 206 116 940 274 949 193 2909 Reduced by Siege Mode 702 | . . . . . . . . . . . . . . . . . . . . . . . . . . . . . . 702 Redirected to Shielding 99 | . . . . . . . . . . . . . . . . . . . . . . . . . . . . . . 99 Ignored by Resistances 837 | . . . . . . . . . . . . 89 . . . . 15 . . . . . . . . . . . . 733 Regen/Repaired (Parts) 4258 | . . . . . . . . . . . . . . . . . 403 194 36 102 124 343 95 . 31 797 . . 529 1604 Core Remaining (%) 68 | 100 . 55 . . . 36 . . . . . 76 . . . 92 . . . 63 . . . 89 . 78 . 96 . . Volleys Fired 1900 | . 36 14 155 8 . 14 170 76 5 71 60 76 15 103 11 48 95 51 7 76 26 75 25 73 35 139 13 92 58 273 Largest 2 | . 2 2 2 2 . 2 2 2 2 2 2 2 1 2 1 2 2 1 2 2 2 2 2 2 2 2 2 2 2 2 Hottest 300 | . 100 70 88 88 . 133 135 143 143 150 150 160 85 170 85 226 226 113 193 226 226 233 226 226 233 233 233 240 240 300 Shots Fired 2872 | . 71 27 304 17 1 23 337 143 10 93 92 105 15 115 11 62 138 51 8 90 28 91 28 86 48 159 23 160 81 455 Gun 537 | . 52 25 302 15 1 9 18 . . . 56 59 . . . . . . . . . . . . . . . . . . Cannon 1874 | . . . . . . 11 316 130 10 65 8 34 8 72 5 54 112 20 2 56 10 58 5 57 40 126 22 143 70 440 Launcher 76 | . 19 2 2 2 . 3 3 13 . 1 2 . . 1 . . 1 2 2 3 . 4 1 2 . 2 . 9 . 2 Special 385 | . . . . . . . . . . 27 26 12 7 42 6 8 25 29 4 31 18 29 22 27 8 31 1 8 11 13 Kinetic 327 | . 23 14 252 9 . . 1 . . . . . . . . . . . . . . . . . . . . . . 28 Thermal 1970 | . 29 11 50 6 1 20 333 130 10 65 64 93 8 72 5 54 102 20 2 50 10 51 5 50 40 70 22 143 65 389 Explosive 64 | . 19 2 2 2 . 3 3 13 . 1 2 . . 1 . . . . . . . . 1 2 . 2 . 9 . 2 Electromagnetic 126 | . . . . . . . . . . . . . . . . . 11 2 2 9 . 11 . 7 . 56 . . 5 23 Robot Hit Streak 40 | . 12 9 26 18 . 7 14 11 7 12 9 12 6 28 3 10 11 11 3 9 8 13 11 19 20 22 12 17 9 40 Robot Miss Streak 8 | . 2 3 8 2 . 4 7 2 3 4 3 4 1 2 1 2 6 2 1 3 1 4 1 1 2 3 2 4 2 7 Penetration Max . | . . . . . . . . . . . . . . . . . . . . . . . . . . . . . . . Secondary Targets 4 | . . . 2 . . . . . . . . 2 . . . . . . . . . . . . . . . . . . Max Gunslinging Chain 1 | . . . 1 . . . . . . . . 1 . . . . . . . . . . . . . . . . . . Shots Hit Robots 1627 | . 39 15 218 14 . 13 147 81 4 40 64 65 6 47 4 31 67 26 4 45 20 44 21 46 23 102 19 81 24 317 Core Hits 783 | . 40 13 88 15 . 15 87 46 2 13 20 43 1 10 . 9 29 9 2 26 3 26 2 20 7 34 9 56 9 149 Critical Kills 15 | . . . 2 . . . 1 1 . 1 . . . . . . . . . 3 . 1 . . 1 1 . 2 . 2 Critical Parts Destroyed . | . . . . . . . . . . . . . . . . . . . . . . . . . . . . . . . Critical Strikes 29 | . 4 1 5 . . . 1 1 . 1 3 . . . . . 1 . . 3 . 1 . . 1 3 . 2 . 2 Burn 11 | . 4 1 3 . . . . . . . 3 . . . . . . . . . . . . . . . . . . . Meltdown 13 | . . . . . . . 1 1 . 1 . . . . . . . . . 3 . 1 . . 1 1 . 2 . 2 Destroy 2 | . . . 2 . . . . . . . . . . . . . . . . . . . . . . . . . . . Corrupt 3 | . . . . . . . . . . . . . . . . . 1 . . . . . . . . 2 . . . . Melee Attacks . | . . . . . . . . . . . . . . . . . . . . . . . . . . . . . . . Impact . | . . . . . . . . . . . . . . . . . . . . . . . . . . . . . . . Slashing . | . . . . . . . . . . . . . . . . . . . . . . . . . . . . . . . Piercing . | . . . . . . . . . . . . . . . . . . . . . . . . . . . . . . . Sneak Attacks . | . . . . . . . . . . . . . . . . . . . . . . . . . . . . . . . Combat Hostiles . | . . . . . . . . . . . . . . . . . . . . . . . . . . . . . . . Follow-up Attacks . | . . . . . . . . . . . . . . . . . . . . . . . . . . . . . . . Damage Inflicted 58990 | 2 1426 299 3295 436 . 478 3867 3454 92 924 1770 1256 42 828 11 1219 3111 339 127 1583 318 1411 257 1439 1202 4409 953 6435 803 17204 Guns 6048 | . 469 191 3037 201 . 91 186 . . . 900 973 . . . . . . . . . . . . . . . . . . Cannons 37150 | . . . . . . 60 3026 1734 92 678 159 283 . 482 . 1219 2601 83 39 944 247 1015 204 897 948 3445 800 3624 803 13767 Explosions 13429 | . 949 96 206 234 . 300 603 1717 . 246 690 . . 319 . . 132 256 . 616 . 396 . 542 . 716 119 2811 . 2481 Melee . | . . . . . . . . . . . . . . . . . . . . . . . . . . . . . . . Ramming 2363 | 2 8 12 52 1 . 27 52 3 . . 21 . 42 27 11 . 378 . 88 23 71 . 53 . 254 248 34 . . 956 Kinetic 3778 | . 230 102 2503 94 . . . . . . . . . . . . . . . . . . . . . . . . . 849 Thermal 38606 | . 354 89 534 107 . 151 3212 1734 92 678 1444 1256 . 482 . 1219 2300 83 39 952 247 932 204 640 948 1813 800 3624 673 13999 Explosive 9768 | . 834 96 206 234 . 300 603 1717 . 246 305 . . 319 . . . . . . . . . 542 . 716 119 2811 . 720 Electromagnetic 4475 | . . . . . . . . . . . . . . . . . 433 256 . 608 . 479 . 257 . 1632 . . 130 680 Impact . | . . . . . . . . . . . . . . . . . . . . . . . . . . . . . . . Slashing . | . . . . . . . . . . . . . . . . . . . . . . . . . . . . . . . Piercing . | . . . . . . . . . . . . . . . . . . . . . . . . . . . . . . . Highest Corruption 32 | . 1 1 . 4 4 4 3 4 4 4 2 2 . . . 2 7 7 . 1 1 1 1 4 2 12 2 3 5 32 Average Corruption 5 | . 1 1 . 3 4 4 2 3 4 4 1 2 . . . 1 4 6 . 1 1 1 1 3 1 3 1 2 3 14 Corruption Purged 21 | . . . . . . . 3 . . . . . . . . 2 . 7 . . . . . . . . 2 . . 7 Corruption Blocked . | . . . . . . . . . . . . . . . . . . . . . . . . . . . . . . . Effects 491 | . 3 8 . 12 6 17 25 2 6 19 5 18 . . . 4 36 10 . 5 1 7 6 21 2 15 3 25 13 222 Message Errors 113 | . 2 . . 3 1 4 3 . . 6 . 4 . . . 1 7 2 . 1 1 2 1 4 1 4 . 8 4 54 Matter Fused 118 | . . 2 . 3 2 3 7 . 2 8 1 4 . . . . 6 2 . 4 . 2 3 5 . 4 3 5 4 48 Heat Flow Errors 52 | . . 2 . 2 . 1 2 2 1 2 . 2 . . . . 5 . . . . 2 1 4 . 3 . 3 1 19 Energy Discharges 60 | . . 1 . 1 . 4 3 . 2 1 1 4 . . . 2 5 1 . . . . . 2 . 1 . 1 4 27 Parts Rejected 5 | . . . . . . . 1 . . . . 1 . . . . . . . . . . . . . 1 . . . 2 Parts Fused 3 | . . . . . . . 1 . . . . . . . . . . . . . . . . . . . . . . 2 Data Loss (minor) 54 | . 1 . . 1 1 4 1 . 1 . 2 3 . . . . 4 2 . . . 1 . 3 . 2 . 4 . 24 Data Loss (major) 29 | . . . . 1 1 . 1 . . 1 1 . . . . . 2 2 . . . . . 1 1 . . 1 . 17 Misfires 30 | . . 2 . 1 1 1 3 . . . . . . . . 1 3 . . . . . 1 2 . . . 1 . 14 Alerts 8 | . . 1 . . . . 1 . . 1 . . . . . . 2 1 . . . . . . . . . . . 2 Misdirections 1 | . . . . . . . . . . . . . . . . . . . . . . . . . . . . . . 1 Weapon Failures 18 | . . . . . . . 2 . . . . . . . . . 2 . . . . . . . . . . 2 . 12 Overload Shots 7 | . . . . . . . . . . . . . . . . . . . . . . . . . . . . . 3 4 Effects 2 | . . . . . . . . . . . . . . . . . . . . . . . . . . . . . . 2 Heat Surge 1 | . . . . . . . . . . . . . . . . . . . . . . . . . . . . . . 1 Short Circuit 1 | . . . . . . . . . . . . . . . . . . . . . . . . . . . . . . 1 Overflow Damage 2284 | . 84 . 3 . . . 131 131 . . 102 . . 62 . 42 390 . 20 37 46 10 . 22 49 276 . 217 . 662 Projectiles 1234 | . . . . . . . 51 57 . . . . . . . 42 346 . . 28 . . . 17 21 166 . 112 . 394 Explosions 598 | . 84 . . . . . 80 74 . . 102 . . 62 . . . . . 8 . 10 . 5 . 68 . 105 . . Melee 452 | . . . 3 . . . . . . . . . . . . . 44 . 20 1 46 . . . 28 42 . . . 268 Knockbacks 30 | . . . . . . . 1 . . . . . 1 . . . 3 . 2 . . . . . 5 1 1 . . 16 Impact 21 | . . . . . . . 1 . . . . . 1 . . . 3 . 2 . . . . . 5 1 1 . . 7 Kinetic 9 | . . . . . . . . . . . . . . . . . . . . . . . . . . . . . . 9 Secondary . | . . . . . . . . . . . . . . . . . . . . . . . . . . . . . . . Self-Inflicted Damage 810 | . 55 . 5 30 . . 79 63 . . 52 . . 22 . . 28 171 . 25 . 21 . . . . 85 79 . 95 Shots 38 | . 2 . 1 2 . . 2 1 . . 2 . . 1 . . 2 9 . 2 . 2 . . . . 1 1 . 10 Rammed 17 | . . . . . . . . . . . . . . . . . . . . . . . . . . . . . . 17 Targets Rammed 127 | 2 6 5 8 1 . 5 8 1 . . 3 . 4 1 1 . 19 . 5 3 1 . 4 . 10 8 1 . . 31 Kicked 109 | 2 6 5 8 1 . 5 8 1 . . 3 . 4 1 1 . 19 . 5 3 1 . 4 . 10 8 1 . . 13 Crushed 1 | . . . . . . . . . . . . . . . . . . . . . . . . . . . . . . 1 Highest Temperature 619 | . 186 189 337 249 33 103 233 434 248 270 301 437 . 120 190 252 409 64 12 358 30 232 106 229 162 282 18 619 . 231 Average Temperature 77 | . 46 76 77 90 18 32 25 101 139 67 86 120 . 47 97 73 122 34 8 117 17 94 46 53 36 71 18 218 . 64 Received Heat Transfer 4014 | . 159 60 884 20 . . 506 224 . 267 261 135 . 81 6 33 46 96 . 161 37 46 23 25 4 64 226 166 . 484 Effects 12 | . . . 1 1 . . . 2 . 1 . 5 . . . . . . . 1 . . . . . . . 1 . . Shutdowns 5 | . . . 1 . . . . 2 . . . 2 . . . . . . . . . . . . . . . . . . Energy Bleed 3 | . . . . . . . . . . . . 1 . . . . . . . 1 . . . . . . . 1 . . Interference 4 | . . . . 1 . . . . . 1 . 2 . . . . . . . . . . . . . . . . . . Siege Activations 7 | . . . . . . . . . . . . . . . . . . . . . . . . . . . . . . 7 Total Turns 222 | . . . . . . . . . . . . . . . . . . . . . . . . . . . . . . 222 Longest Duration 143 | . . . . . . . . . . . . . . . . . . . . . . . . . . . . . . 143 Martial Activations . | . . . . . . . . . . . . . . . . . . . . . . . . . . . . . . . Shielding Activations . | . . . . . . . . . . . . . . . . . . . . . . . . . . . . . . . Robots Disrupted 2 | . . . . . . . . . . . . . . . . . . . . . . 1 . . . 1 . . . . Combat Hostiles 2 | . . . . . . . . . . . . . . . . . . . . . . 1 . . . 1 . . . . Robots Corrupted 25 | . . . . . . . 1 . . . . . . . . . 1 . 1 1 1 1 . . 1 9 . . . 9 Combat Hostiles 15 | . . . . . . . . . . . . . . . . . . . . 1 . 1 . . . 8 . . . 5 Parts Fried 54 | . . . . . . . 1 . . . . . . . . . 4 3 3 4 . 6 . 2 4 14 . . . 13 Impact Corruptions 23 | . . . 1 . . . 1 . . . . . . . . . 3 . 1 1 2 . . . 2 2 . . . 10 Robots Melted 32 | . . . . . . . 2 1 . 1 2 . . . . . . . . 3 . 1 . . 1 1 . 2 . 18 Combat Hostiles 29 | . . . . . . . 1 1 . 1 1 . . . . . . . . 3 . 1 . . 1 1 . 2 . 17 Parts Melted 131 | . 2 2 3 . . . 10 7 . 2 5 4 . 3 . . 5 . . 3 . 2 . . 4 1 2 7 . 69 Heat Transferred 45624 | . 1099 333 1354 135 . 226 5299 2701 148 962 2820 2675 . 592 . 829 1923 74 37 878 222 845 166 555 759 1554 666 2959 518 15295 Parts Sabotaged 6 | . . . . . . . . 6 . . . . . . . . . . . . . . . . . . . . . . Parts Stolen . | . . . . . . . . . . . . . . . . . . . . . . . . . . . . . . . Parts Stripped . | . . . . . . . . . . . . . . . . . . . . . . . . . . . . . . . Power Chain Reactions 7 | . . . . . . . . . . . . . . . . . . 2 . 4 . 1 . . . . . . . . Alert | -11 -10 -10 -9 -9 -9 -8 -8 -8 -8 -8 -7 -7 -6 -6 -6 -6 -5 -5 -5 -5 -4 -4 -4 -4 -3 -3 -2 -2 -1 -1 ------- Run | Yrd Mat Min Mat Min Exi Min Mat Gar Mat Gar Fac Gar Fac Gar Fac Gar Fac Gar Fac Gar Fac Gar Fac Gar Res Tes Res Gar Acc Com Maximum Alert Level 4 | . 1 . 1 . . . 1 4 3 4 2 3 2 2 1 3 2 2 1 3 2 1 2 3 1 1 . 3 2 2 Low Security (%) 53 | 100 41 100 70 100 . 100 75 . . . 83 7 56 49 80 10 33 47 14 8 44 44 42 5 41 98 100 16 . 92 Level 1 21 | . 58 . 29 . . . 24 5 . . 2 29 6 14 19 12 54 26 85 28 15 55 42 7 58 1 . 6 82 6 Level 2 16 | . . . . . . . . 16 32 57 14 46 36 36 . 59 11 25 . 25 40 . 14 64 . . . 36 17 1 Level 3 7 | . . . . . . . . 35 67 40 . 16 . . . 16 . . . 37 . . . 23 . . . 40 . . Level 4 1 | . . . . . . . . 43 . 2 . . . . . . . . . . . . . . . . . . . . Level 5 . | . . . . . . . . . . . . . . . . . . . . . . . . . . . . . . . High Security . | . . . . . . . . . . . . . . . . . . . . . . . . . . . . . . . Max Security . | . . . . . . . . . . . . . . . . . . . . . . . . . . . . . . . Peak Influence 1560 | . 334 76 330 80 . 96 371 1560 760 1136 539 854 448 591 311 762 471 533 279 949 512 398 488 768 380 208 99 974 605 410 Initial 760 | . . 58 . 80 . . . 240 760 428 527 116 448 53 302 121 399 14 279 137 497 . 198 179 380 . 48 11 583 131 Average 272 | . 208 9 130 15 . 26 162 1020 710 690 117 519 229 248 146 487 232 254 226 553 244 237 250 582 201 97 50 596 302 81 Influence Increases 17647 | . 605 128 1078 108 . 202 1247 1400 39 768 466 788 33 713 566 741 735 699 172 1012 167 578 830 878 248 742 127 1092 240 1245 Destroy 0b10 Robot/C 7268 | . 320 100 640 80 . 140 660 740 20 220 220 270 . 150 150 285 360 225 45 390 45 240 204 228 84 324 48 348 84 648 Destroy 0b10 Robot/NC 399 | . 30 . 50 5 . 5 95 . . . 20 8 4 . 20 8 20 . 8 . 12 . 18 . 12 27 . 3 3 51 Destroy Leader 1170 | . 56 20 200 10 . 20 190 30 10 20 54 38 . . 30 32 58 16 8 40 16 20 42 30 12 50 12 24 12 120 Allied During Kill 1722 | . . . . 3 . . . . . 32 8 18 1 73 135 124 41 169 42 206 55 119 263 197 59 56 . 55 . 66 Successful Hack 378 | . 41 . 28 . . 6 24 30 5 37 4 25 . 11 17 11 17 13 . . 21 . 3 . 21 2 . 19 20 23 Select Force Hacks 242 | . 60 . 60 . . . . . . . 30 . 23 . 23 . 23 . 23 . . . . . . . . . . . Disable Machine 879 | . 15 . 60 . . 15 135 15 . . 75 . . . 84 . 72 12 24 12 . . 90 . . 99 9 . 54 108 Anti-Garrison Action 3028 | . . . . . . . . 400 . 400 . 351 . 340 . 189 . 190 . 228 . 120 . 270 . 90 . 450 . . Destroy Structure 2099 | . 83 8 25 10 . 16 68 95 4 59 40 48 5 139 107 92 96 74 22 64 18 70 210 135 42 76 58 175 58 202 Partial Spotted 48 | . . . . . . . 15 . . . . . . . . . 12 . . 12 . . . . 9 . . . . . Lose Combat Pursuer 414 | . . . 15 . . . 60 90 . . 15 30 . . . . 36 . . 60 . 9 . 18 9 18 . 18 9 27 Influence Decreases 17647 | . 453 280 871 315 . 202 877 210 940 421 1305 101 811 213 969 152 1477 186 508 260 1116 200 951 458 925 656 198 134 1007 1451 Entered New Map 4864 | . . 94 . 127 . . . 130 800 231 479 51 406 23 274 52 363 6 254 60 452 . 180 78 297 . 38 4 390 75 Time Decay 6680 | . 443 186 557 138 . 202 687 . 140 . 331 . 130 . 456 . 560 . 254 . 259 . 326 . 338 470 160 . 342 701 Lost Part 582 | . 10 . 70 30 . . 40 80 . 50 . 10 . 10 . . 28 . . . . 10 . 10 . . . 10 . 224 Lost Ally 2482 | . . . . 20 . . . . . 140 45 40 . 180 89 100 117 180 . 200 69 190 70 370 290 186 . 120 . 76 Purge Threat 3039 | . . . 244 . . . 150 . . . 450 . 275 . 150 . 409 . . . 336 . 375 . . . . . 275 375 Squads Dispatched 75 | . 3 . 5 1 . . 10 . . . 5 . 3 . 6 . 9 . 1 . 2 . 4 . 5 9 . . 1 11 Investigation 18 | . 2 . 2 . . . 3 . . . 3 . 1 . 2 . 2 . 1 . . . 2 . . . . . . . Extermination 21 | . . . . . . . . . . . 1 . . . 2 . 3 . . . 1 . 1 . 1 1 . . 1 10 Reinforcement 28 | . 1 . 3 . . . 7 . . . 1 . 2 . 2 . 1 . . . 1 . . . 4 5 . . . 1 Assault 3 | . . . . 1 . . . . . . . . . . . . . . . . . . . . . 2 . . . . Garrison 5 | . . . . . . . . . . . . . . . . . 3 . . . . . 1 . . 1 . . . . Intercept . | . . . . . . . . . . . . . . . . . . . . . . . . . . . . . . . Searches Triggered . | . . . . . . . . . . . . . . . . . . . . . . . . . . . . . . . Unchained Authorized 2 | . . . . . . . . . . . . . . . . . . . . . . . . . 1 . 1 . . . Construction Impeded 5 | . . . . . . . 1 . . . . . 1 . 1 . . . . . . . . . 2 . . . . . Haulers Reinforced 2 | . . . . . . . . . . . 1 . . . 1 . . . . . . . . . . . . . . . Active Scanning Responses . | . . . . . . . . . . . . . . . . . . . . . . . . . . . . . . . Cargo Convoy Interrupts . | . . . . . . . . . . . . . . . . . . . . . . . . . . . . . . . Alert ID Control Effect 133 | . . . . . . . . . . . . 9 1 11 8 5 9 12 7 13 4 5 4 15 18 6 . 4 . 2 Stealth | -11 -10 -10 -9 -9 -9 -8 -8 -8 -8 -8 -7 -7 -6 -6 -6 -6 -5 -5 -5 -5 -4 -4 -4 -4 -3 -3 -2 -2 -1 -1 --------- Run | Yrd Mat Min Mat Min Exi Min Mat Gar Mat Gar Fac Gar Fac Gar Fac Gar Fac Gar Fac Gar Fac Gar Fac Gar Res Tes Res Gar Acc Com Distress Signals 24 | . 1 1 2 . . . 4 . . . . . . 2 1 . 3 . . . 1 . 1 . 4 2 2 . . . Communications Jammed 351 | . . . . . . . . . . . . . . 14 . . 126 . 1 . 1 . 102 . 12 76 . . 13 6 Distress Signals 349 | . . . . . . . . . . . . . . 14 . . 126 . 1 . 1 . 102 . 11 75 . . 13 6 Times Spotted 891 | . 20 8 47 5 . 7 59 32 4 31 23 28 3 35 17 22 52 30 9 52 19 26 23 42 32 59 9 36 17 144 Peak Tracking Total 79 | . 6 3 4 5 . 4 6 5 2 4 5 4 1 5 2 4 10 4 3 8 3 4 4 9 8 8 5 5 3 79 Tactical Retreats 27 | . . . 1 . . . 3 3 . . 1 1 . . . . 3 . . 3 . 1 . 2 1 2 . 2 1 3 Traps | -11 -10 -10 -9 -9 -9 -8 -8 -8 -8 -8 -7 -7 -6 -6 -6 -6 -5 -5 -5 -5 -4 -4 -4 -4 -3 -3 -2 -2 -1 -1 ------- Run | Yrd Mat Min Mat Min Exi Min Mat Gar Mat Gar Fac Gar Fac Gar Fac Gar Fac Gar Fac Gar Fac Gar Fac Gar Res Tes Res Gar Acc Com Traps Triggered 63 | . 3 . . . . . . 7 1 3 1 2 . 8 2 4 1 3 6 6 . 4 . 1 1 4 . 5 . 1 Indirectly 6 | . . . . . . . . . . . . . . . . . . . 4 . . 2 . . . . . . . . Trap Hack Attempts 2 | . . . . . . . 2 . . . . . . . . . . . . . . . . . . . . . . . Triggered . | . . . . . . . . . . . . . . . . . . . . . . . . . . . . . . . Disarmed . | . . . . . . . . . . . . . . . . . . . . . . . . . . . . . . . Reprogrammed 1 | . . . . . . . 1 . . . . . . . . . . . . . . . . . . . . . . . Reused . | . . . . . . . . . . . . . . . . . . . . . . . . . . . . . . . Traps Extracted . | . . . . . . . . . . . . . . . . . . . . . . . . . . . . . . . Installed . | . . . . . . . . . . . . . . . . . . . . . . . . . . . . . . . Triggered . | . . . . . . . . . . . . . . . . . . . . . . . . . . . . . . . Machines | -11 -10 -10 -9 -9 -9 -8 -8 -8 -8 -8 -7 -7 -6 -6 -6 -6 -5 -5 -5 -5 -4 -4 -4 -4 -3 -3 -2 -2 -1 -1 ---------- Run | Yrd Mat Min Mat Min Exi Min Mat Gar Mat Gar Fac Gar Fac Gar Fac Gar Fac Gar Fac Gar Fac Gar Fac Gar Res Tes Res Gar Acc Com Machines Disabled 138 | . 2 . 4 . . 1 9 8 . 6 5 5 . 6 7 4 6 8 2 6 . 4 10 7 . 13 1 6 6 12 Max in Single Turn 3 | . 1 . 1 . . 1 1 2 . 1 3 1 . 1 . 1 1 1 . 1 . 1 . 1 . 1 1 1 1 1 Garrison Access 3 | . . . . . . . . . . . . . . . . . . . . . . . . . 1 1 . . 1 . Garrison Relay 49 | . . . . . . . . 4 . 5 . 5 . 5 . 3 . 5 . 5 . 5 . 6 . . . 6 . . Phase Generator 1 | . . . . . . . . 1 . . . . . . . . . . . . . . . . . . . . . . Machines Repaired . | . . . . . . . . . . . . . . . . . . . . . . . . . . . . . . . Machines Dismantled . | . . . . . . . . . . . . . . . . . . . . . . . . . . . . . . . Machines Sabotaged . | . . . . . . . . . . . . . . . . . . . . . . . . . . . . . . . Overloaded Fab Kills . | . . . . . . . . . . . . . . . . . . . . . . . . . . . . . . . Hacking | -11 -10 -10 -9 -9 -9 -8 -8 -8 -8 -8 -7 -7 -6 -6 -6 -6 -5 -5 -5 -5 -4 -4 -4 -4 -3 -3 -2 -2 -1 -1 --------- Run | Yrd Mat Min Mat Min Exi Min Mat Gar Mat Gar Fac Gar Fac Gar Fac Gar Fac Gar Fac Gar Fac Gar Fac Gar Res Tes Res Gar Acc Com Machines Accessed 117 | . 9 . 11 . 2 1 13 3 2 4 9 2 1 1 5 2 9 2 3 2 6 3 5 2 5 3 1 3 4 4 Terminals 72 | . 7 . 8 . . 1 8 3 1 4 4 2 . 1 2 2 4 2 2 2 2 3 3 2 2 1 . 3 1 2 Fabricators 5 | . . . . . . . . . . . 1 . . . 1 . . . . . 1 . 1 . . . . . 1 . Repair Stations 10 | . . . . . . . 2 . . . 1 . . . 1 . 1 . . . 1 . . . 1 1 . . 1 1 Recycling Units 5 | . 2 . 2 . . . . . . . . . . . . . . . . . . . . . . . . . . 1 Scanalyzers 9 | . . . 1 . . . 2 . . . 1 . . . . . 2 . . . 1 . . . 1 1 . . . . Garrison Access 14 | . . . . . . . 1 . 1 . 2 . 1 . 1 . 2 . 1 . 1 . 1 . 1 . 1 . 1 . Total Hacks 275 | . 21 . 34 . 2 2 30 5 3 6 20 5 3 1 14 4 22 3 6 5 15 5 14 5 12 12 2 9 9 6 Successful 135 | . 10 . 19 . 2 1 13 2 2 3 6 2 3 1 9 1 12 2 4 . 9 1 5 1 6 7 2 2 6 4 Failed 136 | . 11 . 14 . . 1 17 3 1 3 14 3 . . 5 3 9 1 2 5 6 4 9 4 5 4 . 7 3 2 Catastrophic 30 | . 2 . 1 . . . 5 . . 2 6 1 . . 1 . 2 . 2 1 1 2 2 1 . 1 . . . . Database Lockouts 4 | . . . 1 . . . . . . . . . . . . . 1 . . . . . . . 1 1 . . . . Manual 108 | . 17 . 24 . 1 2 7 . 2 1 7 1 1 . 7 . 11 1 3 . 5 1 6 1 3 2 . 1 2 2 Terminals 158 | . 19 . 24 . . 2 15 5 2 6 10 5 . 1 5 4 7 3 2 5 4 5 8 5 5 1 . 9 3 3 Fabricators 15 | . . . . . . . . . . . 1 . . . 3 . . . . . 5 . 4 . . . . . 2 . Repair Stations 25 | . . . . . . . 6 . . . 1 . . . 3 . 4 . . . 1 . . . 3 3 . . 2 2 Recycling Units 6 | . 2 . 3 . . . . . . . . . . . . . . . . . . . . . . . . . . 1 Scanalyzers 34 | . . . 7 . . . 7 . . . 2 . . . . . 5 . . . 3 . . . 2 8 . . . . Garrison Access 35 | . . . . . . . 2 . 1 . 6 . 3 . 3 . 6 . 4 . 2 . 2 . 2 . 2 . 2 . Terminal Hacks 37 | . 3 . 6 . 2 1 3 2 . 3 1 2 . 1 . 1 1 2 . . 2 1 . 1 1 . . 2 1 1 Record 1 | . . . . . 1 . . . . . . . . . . . . . . . . . . . . . . . . . Robot Schematic 1 | . . . 1 . . . . . . . . . . . . . . . . . . . . . . . . . . . Robot Analysis 1 | . . . . . . 1 . . . . . . . . . . . . . . . . . . . . . . . . Prototype ID Bank 3 | . 3 . . . . . . . . . . . . . . . . . . . . . . . . . . . . . Open Door 4 | . . . . . . . . . . 1 . . . . . . . 1 . . . . . . . . . . 1 1 Branch Access Points 2 | . . . . . . . . . . . . . . . . . . . . . 1 . . . 1 . . . . . Emergency Access Points 7 | . . . . . . . . 1 . 1 . 1 . 1 . . . 1 . . . . . 1 . . . 1 . . Alert Level 1 | . . . 1 . . . . . . . . . . . . . . . . . . . . . . . . . . . Unreport Threat 5 | . . . 3 . . . 1 . . . . . . . . . 1 . . . . . . . . . . . . . Hauler Manifests 2 | . . . . . . . 1 . . . 1 . . . . . . . . . . . . . . . . . . . Zone Layout 3 | . . . 1 . . . 1 . . . . . . . . . . . . . 1 . . . . . . . . . Garrison Registry 2 | . . . . . . . . . . . . . . . . 1 . . . . . 1 . . . . . . . . Patrol Navigation 1 | . . . . . . . . . . . . 1 . . . . . . . . . . . . . . . . . . Security Stations 3 | . . . . . . . . 1 . 1 . . . . . . . . . . . . . . . . . 1 . . Proto ID Catalog 1 | . . . . . 1 . . . . . . . . . . . . . . . . . . . . . . . . . Fabricator Hacks 8 | . . . . . . . . . . . . . . . 2 . . . . . 2 . 2 . . . . . 2 . Load Schematic 4 | . . . . . . . . . . . . . . . 1 . . . . . 1 . 1 . . . . . 1 . Build 4 | . . . . . . . . . . . . . . . 1 . . . . . 1 . 1 . . . . . 1 . Repair Station Hacks 8 | . . . . . . . 2 . . . . . . . 2 . 2 . . . . . . . 1 . . . . 1 Scan Component 6 | . . . . . . . 2 . . . . . . . 1 . 1 . . . . . . . 1 . . . . 1 Repair 2 | . . . . . . . . . . . . . . . 1 . 1 . . . . . . . . . . . . . Recycling Unit Hacks . | . . . . . . . . . . . . . . . . . . . . . . . . . . . . . . . Scanalyzer 20 | . . . 4 . . . 6 . . . 1 . . . . . 1 . . . 1 . . . 1 6 . . . . Retrieve Study 20 | . . . 4 . . . 6 . . . 1 . . . . . 1 . . . 1 . . . 1 6 . . . . Garrison Access Hacks 26 | . . . . . . . 1 . 1 . 3 . 2 . 2 . 4 . 3 . 2 . 2 . 2 . 2 . 2 . Unlock Access 11 | . . . . . . . 1 . 1 . 1 . 1 . 1 . 2 . 1 . 1 . 1 . . . 1 . . . Seal Access 2 | . . . . . . . . . . . . . . . . . . . . . . . . . 1 . . . 1 . Coupler Status 13 | . . . . . . . . . . . 2 . 1 . 1 . 2 . 2 . 1 . 1 . 1 . 1 . 1 . Unauthorized Hacks 36 | . 7 . 9 . . . 1 . 1 . 1 . 1 . 3 . 4 . 1 . 2 . 1 . 1 1 . . 1 2 Terminals 18 | . 5 . 7 . . . 1 . 1 . . . . . 1 . 1 . . . 1 . 1 . . . . . . . Assimilate 1 | . . . . . . . 1 . . . . . . . . . . . . . . . . . . . . . . . Botnet 3 | . 2 . 1 . . . . . . . . . . . . . . . . . . . . . . . . . . . Operators 5 | . . . . . . . . . 1 . . . . . 1 . 1 . . . 1 . 1 . . . . . . . Skim 9 | . 3 . 6 . . . . . . . . . . . . . . . . . . . . . . . . . . . Fabricators . | . . . . . . . . . . . . . . . . . . . . . . . . . . . . . . . Repair Stations 7 | . . . . . . . . . . . . . . . 1 . 1 . . . 1 . . . 1 1 . . 1 1 Mechanics 7 | . . . . . . . . . . . . . . . 1 . 1 . . . 1 . . . 1 1 . . 1 1 Recycling Units 5 | . 2 . 2 . . . . . . . . . . . . . . . . . . . . . . . . . . 1 Reject 1 | . . . . . . . . . . . . . . . . . . . . . . . . . . . . . . 1 Tunnel 4 | . 2 . 2 . . . . . . . . . . . . . . . . . . . . . . . . . . . Scanalyzers . | . . . . . . . . . . . . . . . . . . . . . . . . . . . . . . . Garrison Access 6 | . . . . . . . . . . . 1 . 1 . 1 . 2 . 1 . . . . . . . . . . . Restock 1 | . . . . . . . . . . . . . . . . . 1 . . . . . . . . . . . . . Eject 5 | . . . . . . . . . . . 1 . 1 . 1 . 1 . 1 . . . . . . . . . . . Data Cores Recovered 2 | . . . . . . . . . . . . . . . 2 . . . . . . . . . . . . . . . Used . | . . . . . . . . . . . . . . . . . . . . . . . . . . . . . . . Hacking Detections 92 | . 7 . 8 . . 1 12 2 . 3 8 2 1 1 3 2 7 1 2 2 6 2 5 2 3 3 1 3 2 3 Full Trace Events 17 | . 1 . . . . . 4 1 . 1 2 1 . . 1 . 1 . . 1 . . 2 1 . . . 1 . . Feedback Events 3 | . 1 . . . . . . . . . 1 . . . . . . . . . . . . . . . . 1 . . Corruption 3 | . 1 . . . . . . . . . 1 . . . . . . . . . . . . . . . . 1 . . Feedback Blocked . | . . . . . . . . . . . . . . . . . . . . . . . . . . . . . . . Robot Schematics Acquired 5 | . . . 1 . . . . . . . . . . . . . . . . . . . . . . 4 . . . . Robots Built 4 | . . . . . . . . . . . . . . . 1 . . . . . 1 . 1 . . . . . 1 . Authchips 2 | . . . . . . . . . . . . . . . . . . . . . 1 . . . . . . . 1 . Time 283 | . . . . . . . . . . . . . . . 81 . . . . . 81 . 81 . . . . . 40 . Total Robot Build Rating 4 | . . . . . . . . . . . . . . . 1 . . . . . 1 . 1 . . . . . 1 . Part Schematics Acquired 7 | . . . . . . . . . . . . . . . . . . . . . . . . . . 7 . . . . Parts Built . | . . . . . . . . . . . . . . . . . . . . . . . . . . . . . . . Authchips . | . . . . . . . . . . . . . . . . . . . . . . . . . . . . . . . Time . | . . . . . . . . . . . . . . . . . . . . . . . . . . . . . . . Total Part Build Rating . | . . . . . . . . . . . . . . . . . . . . . . . . . . . . . . . Part Studies Acquired 20 | . . . 4 . . . 6 . . . 1 . . . . . 1 . . . 1 . . . 1 6 . . . . Parts Repaired 1 | . . . . . . . . . . . . . . . . . 1 . . . . . . . . . . . . . Time 112 | . . . . . . . . . . . . . . . 44 . 68 . . . . . . . . . . . . . Parts Recycled . | . . . . . . . . . . . . . . . . . . . . . . . . . . . . . . . Recycled Matter . | . . . . . . . . . . . . . . . . . . . . . . . . . . . . . . . Retrieved Matter . | . . . . . . . . . . . . . . . . . . . . . . . . . . . . . . . Retrieved Components . | . . . . . . . . . . . . . . . . . . . . . . . . . . . . . . . Parts Scanalyzed . | . . . . . . . . . . . . . . . . . . . . . . . . . . . . . . . Part Schematics Acquired . | . . . . . . . . . . . . . . . . . . . . . . . . . . . . . . . Parts Damaged . | . . . . . . . . . . . . . . . . . . . . . . . . . . . . . . . Bothacking | -11 -10 -10 -9 -9 -9 -8 -8 -8 -8 -8 -7 -7 -6 -6 -6 -6 -5 -5 -5 -5 -4 -4 -4 -4 -3 -3 -2 -2 -1 -1 ------------ Run | Yrd Mat Min Mat Min Exi Min Mat Gar Mat Gar Fac Gar Fac Gar Fac Gar Fac Gar Fac Gar Fac Gar Fac Gar Res Tes Res Gar Acc Com Used RIF Installer 11 | . . . . . . . . 1 . 1 . 1 . 2 . 1 . 1 . 1 . 1 . 1 . . . 1 . . Threat Obfuscator 2 | . . . . . . . . . . . . 1 . . . . . . . . . 1 . . . . . . . . Signal Jammer 1 | . . . . . . . . . . . . . . 1 . . . . . . . . . . . . . . . . Zone Cloak 2 | . . . . . . . . . . . . . . . . 1 . 1 . . . . . . . . . . . . Watcher Feeds 1 | . . . . . . . . . . . . . . . . . . . . . . . . . . . . 1 . . Patrol Navigation 1 | . . . . . . . . . . . . . . . . . . . . 1 . . . . . . . . . . Alert ID Control 1 | . . . . . . . . . . 1 . . . . . . . . . . . . . . . . . . . . Program Shield 1 | . . . . . . . . . . . . . . . . . . . . . . . . 1 . . . . . . Autoassimilate 1 | . . . . . . . . . . . . . . 1 . . . . . . . . . . . . . . . . Robots Hacked 194 | . . . . . . . . . . 14 10 7 3 11 5 6 15 18 1 9 8 10 11 17 7 18 1 9 6 8 Non-combat 30 | . . . . . . . . . . . 3 . 2 . 1 . 5 . 1 . 4 . 3 . 3 3 . . 4 1 Combat 164 | . . . . . . . . . . 14 7 7 1 11 4 6 10 18 . 9 4 10 8 17 4 15 1 9 2 7 Autoassimilated 28 | . . . . . . . . . . . . . . . 1 2 2 4 . 1 2 2 2 5 2 1 . 4 . . Robot Hacks Applied 203 | . . . . . . . . . . 15 16 8 6 11 4 4 17 14 2 9 12 9 16 12 5 18 1 5 8 11 parse_system 6 | . . . . . . . . . . . . 1 . 1 . . . 2 . 1 . . . . . . . . . 1 no_distress 1 | . . . . . . . . . . . . . . . . . . . . . 1 . . . . . . . . . find_chute 1 | . . . . . . . . . . . . . . . . . 1 . . . . . . . . . . . . . find_fabricator 2 | . . . . . . . . . . . 1 . . . . . . . . . 1 . . . . . . . . . drop_inventory 14 | . . . . . . . . . . . 1 . 1 . . . 1 . 1 . 3 . 2 . 2 2 . . 1 . find_station 1 | . . . . . . . . . . . . . . . . . 1 . . . . . . . . . . . . . purge_threat 21 | . . . . . . . . . . . 4 . 2 . 1 . 3 . . . 3 . 3 . . . . . 2 3 block_reporting 4 | . . . . . . . . . . . 1 . . . . . . . . . . . 1 . . . . . 2 . map_route 1 | . . . . . . . . . . . . . . . . . . . . . . . . . . . . . 1 . disable_scanner 4 | . . . . . . . . . . . . . . . . . . . . . . . . . . 4 . . . . find_garrison 4 | . . . . . . . . . . . . . 1 . 1 . . . . . . . 1 . . . 1 . . . tweak_propulsion 1 | . . . . . . . . . . . 1 . . . . . . . . . . . . . . . . . . . disrupt_area 1 | . . . . . . . . . . . . . . . . . . . . . . 1 . . . . . . . . overload_power 11 | . . . . . . . . . . . 1 . 1 1 . . . 2 . 1 . 1 2 . . 1 . . . 1 amplify_resonance 25 | . . . . . . . . . . 7 1 2 . 1 . 2 1 3 . 2 . . 2 1 . 1 . 1 1 . disable_weapons 1 | . . . . . . . . . . . . . . . . . . . . . . 1 . . . . . . . . overwrite_iff 36 | . . . . . . . . . . 2 3 1 . 3 . 1 3 2 . 3 1 2 1 7 1 2 . 1 1 2 formatsys_low 13 | . . . . . . . . . . . 2 . . . . . 3 . 1 . 1 . 2 . 1 3 . . . . formatsys_high 56 | . . . . . . . . . . 6 1 4 1 5 2 1 4 5 . 2 2 4 2 4 1 5 . 3 . 4 Relay Couplers Released 216 | . . . . . . . . 16 . 19 4 22 3 19 3 10 7 19 4 21 . 17 . 22 2 3 . 25 . . Ejected 18 | . . . . . . . . . . . 4 . 3 . 3 . 4 . 4 . . . . . . . . . . . Machine Destruction 192 | . . . . . . . . 16 . 19 . 19 . 19 . 10 . 19 . 21 . 17 . 22 2 3 . 25 . . Programmers 6 | . . . . . . . . . . . . 3 . . . . 3 . . . . . . . . . . . . . Attached 80 | . . . . . . . . . . 7 4 6 2 6 4 2 5 5 2 5 1 6 3 7 . 4 . 7 . 4 Fabnet Peak Effective % . | . . . . . . . . . . . . . . . . . . . . . . . . . . . . . . . Robots Rewired 39 | . . . . . . . . . . . . . . 13 . 1 1 3 . 6 . 6 . 8 . 1 . . . . Allies Hacked 10 | . . . . . . . . . . . . 2 . . . . 2 . . . 2 1 . . 1 . . . . 2 Hacks Repelled . | . . . . . . . . . . . . . . . . . . . . . . . . . . . . . . . Allies | -11 -10 -10 -9 -9 -9 -8 -8 -8 -8 -8 -7 -7 -6 -6 -6 -6 -5 -5 -5 -5 -4 -4 -4 -4 -3 -3 -2 -2 -1 -1 -------- Run | Yrd Mat Min Mat Min Exi Min Mat Gar Mat Gar Fac Gar Fac Gar Fac Gar Fac Gar Fac Gar Fac Gar Fac Gar Res Tes Res Gar Acc Com Total Allies 186 | . . . . 1 . . . . . 8 6 5 1 23 4 5 13 16 1 15 6 16 8 26 5 11 . 8 2 6 Largest Group 18 | . . . . 1 . . . . . 6 2 2 3 17 15 7 5 11 9 10 9 14 15 18 15 6 . 4 1 5 Highest-Rated Group 1039 | . . . . 31 . . . . . 100 20 64 96 685 636 319 180 491 369 406 472 879 836 1039 848 313 . 276 58 389 Highest-Rated Ally 183 | . . . . 31 . . . . . 25 16 32 32 95 95 95 85 62 50 95 95 119 119 148 148 64 . 148 58 183 Total Orders 64 | . . . . . . . . . . . . . . 3 1 4 4 4 1 1 1 11 4 8 1 3 . . 1 17 STAY 27 | . . . . . . . . . . . . . . 1 . 1 2 2 . . . 6 1 4 . . . . . 10 FOLLOW 17 | . . . . . . . . . . . . . . 2 . 1 1 1 . . . 3 1 3 . . . . . 5 AID 19 | . . . . . . . . . . . . . . . 1 2 1 1 1 1 1 2 2 . 1 3 . . 1 2 DROP 1 | . . . . . . . . . . . . . . . . . . . . . . . . 1 . . . . . . Ally Attacks 1387 | . . . . 5 . . . . . 16 17 38 2 89 96 70 57 110 49 99 50 90 94 138 129 85 . 73 . 80 Total Damage 43517 | . . . . 61 . . . . . 387 149 1199 103 1828 3697 2175 1831 3232 1183 2335 2043 2645 3525 4404 4414 2647 . 2896 . 2763 Kills 256 | . . . . 1 . . . . . . . 9 1 16 24 20 14 25 11 23 7 9 28 22 24 15 . 4 . 3 Allies Corrupted 11 | . . . . 1 . . . . . . . . . . . . 1 . . . 3 1 . 1 1 . . 2 . 1 Allies Melted 4 | . . . . . . . . . . . . . . . . . . . . 1 1 . . . 1 . . 1 . . Intel | -11 -10 -10 -9 -9 -9 -8 -8 -8 -8 -8 -7 -7 -6 -6 -6 -6 -5 -5 -5 -5 -4 -4 -4 -4 -3 -3 -2 -2 -1 -1 ------- Run | Yrd Mat Min Mat Min Exi Min Mat Gar Mat Gar Fac Gar Fac Gar Fac Gar Fac Gar Fac Gar Fac Gar Fac Gar Res Tes Res Gar Acc Com Active Infowar (turns) 836 | . . . . . . . . . . . 2 . . . . . . 1 . . . . . . . . . . 779 54 IFF 833 | . . . . . . . . . . . . . . . . . . . . . . . . . . . . . 779 54 T.N.C. 2 | . . . . . . . . . . . 2 . . . . . . . . . . . . . . . . . . . Spoofing 1 | . . . . . . . . . . . . . . . . . . 1 . . . . . . . . . . . . Robot Analysis Total 1 | . . . . . . 1 . . . . . . . . . . . . . . . . . . . . . . . . Derelict Logs Recovered 2 | . . 2 . . . . . . . . . . . . . . . . . . . . . . . . . . . . Drone Launches . | . . . . . . . . . . . . . . . . . . . . . . . . . . . . . . . Drone Recoveries . | . . . . . . . . . . . . . . . . . . . . . . . . . . . . . . . Exploration | -11 -10 -10 -9 -9 -9 -8 -8 -8 -8 -8 -7 -7 -6 -6 -6 -6 -5 -5 -5 -5 -4 -4 -4 -4 -3 -3 -2 -2 -1 -1 ------------- Run | Yrd Mat Min Mat Min Exi Min Mat Gar Mat Gar Fac Gar Fac Gar Fac Gar Fac Gar Fac Gar Fac Gar Fac Gar Res Tes Res Gar Acc Com Turns Passed 38931 | 65 1217 1505 2319 668 567 760 3136 1227 287 1286 994 1358 273 1913 1344 1439 1833 1170 554 1065 890 954 724 1414 837 1285 339 1393 779 5336 Spaces Moved 22875 | 49 779 724 988 356 312 527 1550 722 219 854 627 823 181 957 633 667 1120 905 327 662 753 619 573 1002 544 783 250 1056 481 2832 Core 30 | 8 . . . . . . . . . . . . . . . . . . . . . . . . . . . . . 22 Treads 1636 | . . . . . . . . . . . . . . . . . . . . . . . . . . . . . . 1636 Legs 21209 | 41 779 724 988 356 312 527 1550 722 219 854 627 823 181 957 633 667 1120 905 327 662 753 619 573 1002 544 783 250 1056 481 1174 Wheels . | . . . . . . . . . . . . . . . . . . . . . . . . . . . . . . . Hover . | . . . . . . . . . . . . . . . . . . . . . . . . . . . . . . . Flight . | . . . . . . . . . . . . . . . . . . . . . . . . . . . . . . . Fastest Speed 50 | 50 120 190 175 175 180 121 105 105 108 108 115 116 116 113 111 105 102 100 100 98 92 92 102 102 100 100 98 97 98 50 Average Speed 127 | 108 135 190 175 178 180 133 119 107 108 116 115 117 116 162 180 173 117 102 101 116 97 102 106 107 105 104 98 97 99 138 Slowest Speed 360 | 120 190 190 190 180 180 180 130 245 108 118 118 185 116 183 181 183 185 182 180 181 98 107 107 109 107 107 101 98 100 360 Overloaded Moves . | . . . . . . . . . . . . . . . . . . . . . . . . . . . . . . . Propulsion Burnouts . | . . . . . . . . . . . . . . . . . . . . . . . . . . . . . . . Robots Hopped . | . . . . . . . . . . . . . . . . . . . . . . . . . . . . . . . Potential Cave-ins 7 | . . . . . . . . . . . . . . . 2 . . . . . . . . . . . . . 5 . Cave-ins Triggered . | . . . . . . . . . . . . . . . . . . . . . . . . . . . . . . . Exploration Rate (%) 57 | 3 94 99 79 71 69 97 91 94 25 90 23 85 8 88 23 83 29 88 10 78 23 68 23 88 15 88 10 82 20 48 Regions Visited 30 Branch Regions 6 Pre-discovered Areas 7 | . 2 . 4 . 1 . . . . . . . . . . . . . . . . . . . . . . . . . Known Exits Taken 13 | . . 1 1 . . . 1 . 1 . 1 . 1 . 1 . 1 . 1 . 1 . 1 . 1 . 1 . . . Unknown Exits Taken 7 | 1 1 . . 1 1 1 . . . . . . . . . . . . . . . . . . . 1 . . 1 . Scrap Searched 4 | . . 1 . 2 . 1 . . . . . . . . . . . . . . . . . . . . . . . . Spaces Dug 111 | . . . . . . . 34 . . . . . 3 . 1 . 7 . . 7 2 1 . 6 7 5 1 4 17 16 Terrain Destroyed 935 | . 92 10 17 13 . 20 85 135 3 4 46 . 8 2 5 10 34 24 1 23 3 17 14 49 15 36 31 104 39 95 Melee . | . . . . . . . . . . . . . . . . . . . . . . . . . . . . . . . Projectile 341 | . . . . . . . 56 1 3 . . . 8 . 5 10 34 4 1 17 3 10 . 20 15 16 3 26 39 70 AOE 594 | . 92 10 17 13 . 20 29 134 . 4 46 . . 2 . . . 20 . 6 . 7 14 29 . 20 28 78 . 25 Terrain Rammed . | . . . . . . . . . . . . . . . . . . . . . . . . . . . . . . . Walls Destroyed . | . . . . . . . . . . . . . . . . . . . . . . . . . . . . . . . Machines Disabled . | . . . . . . . . . . . . . . . . . . . . . . . . . . . . . . . Actions | -11 -10 -10 -9 -9 -9 -8 -8 -8 -8 -8 -7 -7 -6 -6 -6 -6 -5 -5 -5 -5 -4 -4 -4 -4 -3 -3 -2 -2 -1 -1 --------- Run | Yrd Mat Min Mat Min Exi Min Mat Gar Mat Gar Fac Gar Fac Gar Fac Gar Fac Gar Fac Gar Fac Gar Fac Gar Res Tes Res Gar Acc Com Total 29939 | 57 863 823 1281 373 319 563 2500 1020 259 1058 813 1106 232 1229 824 893 1506 1116 540 885 893 863 672 1267 768 1120 317 1261 704 3814 Wait 3578 | . 5 73 50 . . 2 707 166 34 67 66 133 11 65 153 107 223 114 179 75 85 104 44 138 155 132 36 33 148 473 Move 22848 | 48 778 723 987 355 311 526 1550 721 218 853 626 822 180 956 632 666 1119 904 326 661 752 618 573 1001 543 782 250 1055 480 2832 Hop . | . . . . . . . . . . . . . . . . . . . . . . . . . . . . . . . Pick Up 252 | 1 12 4 17 2 2 3 11 10 1 13 9 16 7 15 4 10 11 9 3 8 6 9 3 8 7 4 2 17 1 27 Fast Attach 138 | 6 8 . 6 1 . . 6 6 1 3 4 9 2 3 4 1 2 4 6 2 . 3 1 5 . 11 2 7 . 35 Attach 114 | . 1 1 9 1 3 . 5 8 . 7 5 5 3 3 1 1 7 5 . 1 4 3 1 1 2 4 2 2 3 26 Detach 43 | . 1 . . . 1 . 2 . . . 2 . 3 2 . 1 . 1 . . . 1 . 4 . 3 1 2 . 19 Swap 458 | . 9 3 19 3 . 6 23 12 . 30 25 22 4 20 4 20 24 11 9 25 13 25 13 24 8 21 8 26 12 39 Drop 320 | . 7 . 30 2 2 7 16 4 . 10 12 19 3 20 7 17 4 9 5 8 6 9 8 10 7 15 2 22 2 57 Fire 1900 | . 36 14 155 8 . 14 170 76 5 71 60 76 15 103 11 48 95 51 7 76 26 75 25 73 35 139 13 92 58 273 Melee . | . . . . . . . . . . . . . . . . . . . . . . . . . . . . . . . Ram 5 | . . . . . . . . . . . . . . . . . . . . . . . . . . . . . . 5 Kick 109 | 2 6 5 8 1 . 5 8 1 . . 3 . 4 1 1 . 19 . 5 3 1 . 4 . 10 8 1 . . 13 Crush 13 | . . . . . . . . . . . . . . . . . . . . . . . . . . . . . . 13 Escape Stasis 85 | . . . . . . . . 16 . 2 . 2 . 12 5 20 . 5 . 22 . . . . . . . 1 . . Rewire 74 | . . . . . . . . . . 2 1 2 . 29 2 2 2 3 . 4 . 16 . 3 1 1 . 4 . 2 Trap 2 | . . . . . . . 2 . . . . . . . . . . . . . . . . . . . . . . . Miscellaneous . | . . . . . . . . . . . . . . . . . . . . . . . . . . . . . . . Route ------- -11/Scrapyard -10/Materials (discovered 5 exits: *Mat x3 / [*Min x2]) -10/Mines (discovered 2 exits: *Mat x2) -9/Materials (discovered 4 exits: *Mat x2 / *Min x2) -9/Mines (discovered 3 exits: *Mat x2 / *Exi) -9/Exiles (discovered 2 exits: *Min x2) -8/Mines (discovered 2 exits: *Mat x2) -8/Materials (discovered 5 exits: *Fac x3 / Sto / Gar) -8/Garrison (discovered 3 exits: *Mat x3) -8/Materials (discovered 2 exits: *Sto / Gar) -8/Garrison (discovered 3 exits: *Fac x3) -7/Factory (discovered 2 exits: *Fac / Gar) -7/Garrison (discovered 3 exits: *Fac x3) -6/Factory -6/Garrison (discovered 3 exits: *Fac x3) -6/Factory (discovered 3 exits: *Fac x2 / Gar) -6/Garrison (discovered 3 exits: *Fac x3) -5/Factory (discovered 5 exits: *Fac / [*Upp x2] / Gar / Gar) -5/Garrison (discovered 3 exits: *Fac x3) -5/Factory -5/Garrison (discovered 3 exits: *Fac x3) -4/Factory (discovered 4 exits: *Res / Upp x2 / Gar) -4/Garrison (discovered 3 exits: *Fac x3) -4/Factory (discovered 3 exits: *Res / *Upp / Gar) -4/Garrison (discovered 3 exits: *Res x3) -3/Research (discovered 3 exits: Arm / *Tes x2) -3/Testing -2/Research -2/Garrison (discovered 2 exits: *Acc x2) -1/Access -1/Command History --------- Turn | Location | Event 8 | -11/Scrapyard | Discovered new exit (range 16) 66 | -11/Scrapyard | Entered Materials 167 | -10/Materials | Discovered new exit (range 13) 233 | -10/Materials | Destroyed 11 combat bots 323 | -10/Materials | Build established: Mutant 486 | -10/Materials | Discovered new exit (range 16) 588 | -10/Materials | Discovered new exit (range 16) 717 | -10/Materials | Discovered new exit (range 6) 893 | -10/Materials | Discovered new exit (range 5) 1283 | -10/Materials | Entered Mines 1509 | -10/Mines | Assembled infested the area 1721 | -10/Mines | Identified exit to Materials 1858 | -10/Mines | Discovered exit to Materials (range 11) 2604 | -10/Mines | Received a Rocket Launcher from a helpful Derelict 2788 | -10/Mines | Entered Materials 2788 | -9/Materials | Evolved 2 slots: Propulsion x1, Utility x1 2789 | -9/Materials | Identified exit to Mines 3070 | -9/Materials | Central database locked down 3572 | -9/Materials | Build established: Scavenger-Mutant 3590 | -9/Materials | Learned Storage stockpile data 3629 | -9/Materials | Learned location of 1 exit from Storage 3694 | -9/Materials | Learned 2 Storage zone layouts 3704 | -9/Materials | Learned location of 1 exit from Storage 3724 | -9/Materials | Loaded intel: 16 trap records 4316 | -9/Materials | Discovered new exit (range 8) 4556 | -9/Materials | Discovered new exit (range 9) 5107 | -9/Materials | Entered Mines 5108 | -9/Mines | Met a Derelict testing a Signal Generator 5353 | -9/Mines | Core integrity fell below 50% 5385 | -9/Mines | Lost 3 parts (2n1u) 5391 | -9/Mines | Discovered new exit (range 10) 5503 | -9/Mines | Discovered new exit (range 5) 5634 | -9/Mines | Build established: Mutant 5685 | -9/Mines | Deemed a non-threat by the Exiles lab entrance 5685 | -9/Mines | Discovered new exit (range 5) 5775 | -9/Mines | Entered Exiles 5804 | -9/Exiles | Discovered new exit (range 15) 5824 | -9/Exiles | Met 8R-AWN 5849 | -9/Exiles | Met EX-HEX 5941 | -9/Exiles | Met EX-DEC 5970 | -9/Exiles | Learned location of Zion (-6) 6084 | -9/Exiles | Met EX-BIN 6109 | -9/Exiles | Aligned with FarCom system 6111 | -9/Exiles | Given EX-Vault access code 6153 | -9/Exiles | Opened EX-Vault 6165 | -9/Exiles | Found Modified TNC 6173 | -9/Exiles | Found Firepult 6207 | -9/Exiles | Warned to stay clear of 0b10 Research branches 6231 | -9/Exiles | Exiles lab attacked by MAIN.C 6322 | -9/Exiles | Discovered new exit (range 14) 6342 | -9/Exiles | Stole two prototypes: Modified TNC, Firepult 6342 | -9/Exiles | Entered Mines 6453 | -8/Mines | Discovered new exit (range 12) 6744 | -8/Mines | Build established: Scavenger-Mutant 6753 | -8/Mines | Discovered new exit (range 10) 6794 | -8/Mines | Found a Scrap Suit stashed away for nefarious purposes 6804 | -8/Mines | Found DCF Scrap (16 items) 7102 | -8/Mines | Entered Materials 7102 | -8/Materials | Evolved 2 slots: Propulsion x1, Utility x1 7103 | -8/Materials | Identified exit to Storage 7124 | -8/Materials | Build established: Derelict-Mutant 7739 | -8/Materials | Build established: Mutant 7956 | -8/Materials | Discovered new exit (range 10) 8304 | -8/Materials | Discovered new exit (range 13) 8504 | -8/Materials | Build established: Scavenger-Mutant 9378 | -8/Materials | Build established: Mutant 9610 | -8/Materials | Discovered new exit (range 3) 10238 | -8/Materials | Identified exit to Garrison 10238 | -8/Materials | Entered Garrison 10261 | -8/Garrison | Phase Generator disabled 10354 | -8/Garrison | Destroyed 7 combat bots 10394 | -8/Garrison | Installed Relay Interface Framework 10406 | -8/Garrison | Garrison Relay disabled 10472 | -8/Garrison | Triggered checkpoint 10486 | -8/Garrison | Triggered checkpoint 10522 | -8/Garrison | Destroyed 7 combat bots 10593 | -8/Garrison | Discovered new exit (range 10) 10655 | -8/Garrison | Garrison Relay disabled 10690 | -8/Garrison | Triggered checkpoint 10693 | -8/Garrison | Triggered checkpoint 10747 | -8/Garrison | Learned Materials security intel 10752 | -8/Garrison | Discovered new exit (range 12) 10792 | -8/Garrison | Triggered checkpoint 10936 | -8/Garrison | Garrison Relay disabled 11022 | -8/Garrison | Core integrity fell below 50% 11144 | -8/Garrison | Spotted B-75 Beast 11145 | -8/Garrison | Garrison Relay disabled 11233 | -8/Garrison | Build established: Scavenger-Mutant 11285 | -8/Garrison | Triggered checkpoint 11327 | -8/Garrison | Discovered new exit (range 10) 11465 | -8/Garrison | Entered Materials 11465 | -8/Materials | Discovered exit to Storage (range 7) 11624 | -8/Materials | Identified exit to Garrison 11693 | -8/Materials | Build established: Bothacker-Mutant 11752 | -8/Materials | Entered Garrison 11775 | -8/Garrison | Triggered checkpoint 11852 | -8/Garrison | Garrison Relay disabled 11973 | -8/Garrison | P-60 Hacker assimilated allied Defender 3a 11979 | -8/Garrison | Core integrity fell below 20% 12048 | -8/Garrison | Triggered checkpoint 12088 | -8/Garrison | Triggered checkpoint 12089 | -8/Garrison | Triggered checkpoint 12253 | -8/Garrison | Learned Factory security intel 12275 | -8/Garrison | Garrison Relay disabled 12303 | -8/Garrison | Discovered new exit (range 5) 12318 | -8/Garrison | Triggered checkpoint 12339 | -8/Garrison | Garrison Relay disabled 12424 | -8/Garrison | Triggered checkpoint 12442 | -8/Garrison | Triggered checkpoint 12500 | -8/Garrison | Triggered checkpoint 12515 | -8/Garrison | Garrison Relay disabled 12599 | -8/Garrison | Discovered new exit (range 10) 12716 | -8/Garrison | Discovered new exit (range 13) 12737 | -8/Garrison | Expanded RIF knowledge: Alert ID Control 12752 | -8/Garrison | Triggered checkpoint 12768 | -8/Garrison | Garrison Relay disabled 12839 | -8/Garrison | Rescued a captive Derelict 12944 | -8/Garrison | Spotted B-75 Beast 12975 | -8/Garrison | Spotted B-75 Beast 13030 | -8/Garrison | Lost 5 allies 13038 | -8/Garrison | Entered Factory 13038 | -7/Factory | Evolved 2 slots: Propulsion x1, Utility x1 13040 | -7/Factory | FarCom data flow suspended 13432 | -7/Factory | Discovered new exit (range 15) 13993 | -7/Factory | Identified exit to Garrison 14032 | -7/Factory | Entered Garrison 14032 | -7/Garrison | Accompanied by 1 ally 14092 | -7/Garrison | Triggered checkpoint 14133 | -7/Garrison | Garrison Relay disabled 14246 | -7/Garrison | Triggered checkpoint 14359 | -7/Garrison | Triggered checkpoint 14363 | -7/Garrison | P-70 Sage assimilated allied Guardian 4b 14378 | -7/Garrison | Triggered checkpoint 14520 | -7/Garrison | Triggered checkpoint 14548 | -7/Garrison | Garrison Relay disabled 14629 | -7/Garrison | Discovered new exit (range 12) 14701 | -7/Garrison | Garrison Relay disabled 14789 | -7/Garrison | Spotted B-75 Beast 14801 | -7/Garrison | Destroyed B-75 Beast 14834 | -7/Garrison | Expanded RIF knowledge: Threat Obfuscation 14914 | -7/Garrison | Triggered checkpoint 14924 | -7/Garrison | Garrison Relay disabled 14980 | -7/Garrison | Discovered new exit (range 4) 15125 | -7/Garrison | Discovered new exit (range 15) 15162 | -7/Garrison | Triggered checkpoint 15229 | -7/Garrison | Garrison Relay disabled 15390 | -7/Garrison | Entered Factory 15390 | -6/Factory | Accompanied by 2 allies 15390 | -6/Factory | Evolved 2 slots: Power x1, Utility x1 15659 | -6/Factory | Identified exit to Garrison 15663 | -6/Factory | Entered Garrison 15663 | -6/Garrison | Accompanied by 3 allies 15727 | -6/Garrison | Triggered checkpoint 15771 | -6/Garrison | Triggered checkpoint 15812 | -6/Garrison | Garrison Relay disabled 15885 | -6/Garrison | Expanded RIF knowledge: Signal Jamming 15963 | -6/Garrison | Triggered checkpoint 16001 | -6/Garrison | Lost 3 allies 16009 | -6/Garrison | Triggered checkpoint 16020 | -6/Garrison | Triggered checkpoint 16094 | -6/Garrison | Discovered new exit (range 10) 16107 | -6/Garrison | Triggered checkpoint 16131 | -6/Garrison | Triggered checkpoint 16195 | -6/Garrison | Garrison Relay disabled 16209 | -6/Garrison | Build established: Botlord-Mutant 16313 | -6/Garrison | Garrison Relay disabled 16536 | -6/Garrison | Triggered checkpoint 16624 | -6/Garrison | Spotted B-75 Beast 16636 | -6/Garrison | Rewired B-75 Beast 16687 | -6/Garrison | Found Gamma Bomb Array 16808 | -6/Garrison | Expanded RIF knowledge: Autoassimilate 16853 | -6/Garrison | Garrison Relay disabled 16875 | -6/Garrison | Triggered checkpoint 16915 | -6/Garrison | Discovered new exit (range 3) 17114 | -6/Garrison | Found embedded Infiltrators 17291 | -6/Garrison | Spotted B-75 Beast 17340 | -6/Garrison | Discovered new exit (range 14) 17460 | -6/Garrison | Garrison Relay disabled 17576 | -6/Garrison | Entered Factory 17576 | -6/Factory | Accompanied by 15 allies 17735 | -6/Factory | Discovered new exit (range 12) 17938 | -6/Factory | Lost 6 allies 18138 | -6/Factory | P-60 Hacker assimilated allied Gladiator 5a 18148 | -6/Factory | P-60 Hacker assimilated allied Disruptor 5b 18314 | -6/Factory | Fabricated M-13 Machinist (x1) 18339 | -6/Factory | Discovered new exit (range 11) 18844 | -6/Factory | Identified exit to Garrison 18920 | -6/Factory | Entered Garrison 18920 | -6/Garrison | Accompanied by 7 allies 18946 | -6/Garrison | Discovered new exit (range 70) 18946 | -6/Garrison | Discovered new exit (range 62) 18946 | -6/Garrison | Discovered new exit (range 93) 18962 | -6/Garrison | Spotted B-75 Beast 19018 | -6/Garrison | Found Hvy. Reflective Plating 19022 | -6/Garrison | Rewired B-75 Beast 19152 | -6/Garrison | Garrison Relay disabled 19216 | -6/Garrison | Triggered checkpoint 19223 | -6/Garrison | Spotted B-75 Beast 19240 | -6/Garrison | Triggered checkpoint 19250 | -6/Garrison | Triggered checkpoint 19273 | -6/Garrison | Lost 3 allies 19290 | -6/Garrison | Triggered checkpoint 19893 | -6/Garrison | Expanded RIF knowledge: Zone Cloak 19942 | -6/Garrison | Triggered checkpoint 19976 | -6/Garrison | Garrison Relay disabled 20196 | -6/Garrison | Triggered checkpoint 20208 | -6/Garrison | Garrison Relay disabled 20359 | -6/Garrison | Entered Factory 20359 | -5/Factory | Accompanied by 2 allies 20359 | -5/Factory | Evolved 2 slots: Propulsion x1, Utility x1 20435 | -5/Factory | Garrison activated, responded to threat 20936 | -5/Factory | Discovered new exit (range 9) 20959 | -5/Factory | Identified exit to Garrison 21114 | -5/Factory | Central database locked down 21193 | -5/Factory | Repaired Adv. Remote Force Field 21263 | -5/Factory | Discovered new exit (range 5) 21633 | -5/Factory | Lost 3 allies 21677 | -5/Factory | Discovered new exit (range 10) 22145 | -5/Factory | Identified exit to Garrison 22192 | -5/Factory | Entered Garrison 22192 | -5/Garrison | Accompanied by 4 allies 22216 | -5/Garrison | Found embedded Infiltrators 22337 | -5/Garrison | Triggered checkpoint 22398 | -5/Garrison | Triggered checkpoint 22412 | -5/Garrison | Garrison Relay disabled 22428 | -5/Garrison | Spotted Executioner 22430 | -5/Garrison | Spotted Executioner 22444 | -5/Garrison | Allies destroyed Executioner 22459 | -5/Garrison | Allies destroyed Executioner 22483 | -5/Garrison | Found Exp. Core Analyzer 22486 | -5/Garrison | Lost 3 allies 22543 | -5/Garrison | Triggered checkpoint 22559 | -5/Garrison | Triggered checkpoint 22677 | -5/Garrison | Garrison Relay disabled 22719 | -5/Garrison | Discovered new exit (range 8) 22743 | -5/Garrison | Triggered checkpoint 22889 | -5/Garrison | Garrison Relay disabled 23046 | -5/Garrison | Triggered checkpoint 23090 | -5/Garrison | Garrison Relay disabled 23144 | -5/Garrison | Discovered new exit (range 10) 23237 | -5/Garrison | Garrison Relay disabled 23279 | -5/Garrison | Expanded RIF knowledge: Zone Cloak 23289 | -5/Garrison | Discovered new exit (range 14) 23362 | -5/Garrison | Entered Factory 23362 | -5/Factory | Accompanied by 9 allies 23756 | -5/Factory | Identified exit to Garrison 23916 | -5/Factory | Entered Garrison 23916 | -5/Garrison | Accompanied by 9 allies 23998 | -5/Garrison | Triggered checkpoint 24042 | -5/Garrison | Garrison Relay disabled 24096 | -5/Garrison | Triggered checkpoint 24174 | -5/Garrison | Lost 5 allies 24175 | -5/Garrison | Triggered checkpoint 24186 | -5/Garrison | Triggered checkpoint 24209 | -5/Garrison | P-70 Sage assimilated allied 0B-849(h) 24267 | -5/Garrison | Lost 4 allies 24484 | -5/Garrison | Triggered checkpoint 24495 | -5/Garrison | Triggered checkpoint 24516 | -5/Garrison | Triggered checkpoint 24528 | -5/Garrison | Lost 3 allies 24544 | -5/Garrison | Discovered new exit (range 14) 24583 | -5/Garrison | Garrison Relay disabled 24654 | -5/Garrison | Discovered new exit (range 12) 24662 | -5/Garrison | Expanded RIF knowledge: Patrol Navigation 24691 | -5/Garrison | Rescued a captive Derelict 24704 | -5/Garrison | Garrison Relay disabled 24717 | -5/Garrison | Triggered checkpoint 24751 | -5/Garrison | Garrison Relay disabled 24840 | -5/Garrison | Discovered new exit (range 10) 24849 | -5/Garrison | Triggered checkpoint 24888 | -5/Garrison | Found embedded Infiltrators 24912 | -5/Garrison | Garrison Relay disabled 24981 | -5/Garrison | Entered Factory 24981 | -4/Factory | Accompanied by 6 allies 24981 | -4/Factory | Evolved 2 slots: Propulsion x1, Utility x1 25219 | -4/Factory | Discovered new exit (range 12) 25263 | -4/Factory | Spotted B-86 Titan 25292 | -4/Factory | Allies destroyed B-86 Titan 25395 | -4/Factory | Fabricated M-13 Machinist (x1) 25490 | -4/Factory | Identified exit to Upper Caves 25675 | -4/Factory | Lost 4 allies 25822 | -4/Factory | Identified exit to Garrison 25871 | -4/Factory | Entered Garrison 25871 | -4/Garrison | Accompanied by 6 allies 25877 | -4/Garrison | Discovered new exit (range 38) 25877 | -4/Garrison | Discovered new exit (range 68) 25877 | -4/Garrison | Discovered new exit (range 57) 25915 | -4/Garrison | Triggered checkpoint 25931 | -4/Garrison | Expanded RIF knowledge: Threat Obfuscation 25956 | -4/Garrison | Garrison Relay disabled 26003 | -4/Garrison | Triggered checkpoint 26036 | -4/Garrison | Lost 4 allies 26041 | -4/Garrison | Spotted B-86 Titan 26065 | -4/Garrison | Destroyed B-86 Titan 26086 | -4/Garrison | Triggered checkpoint 26112 | -4/Garrison | Triggered checkpoint 26129 | -4/Garrison | Triggered checkpoint 26295 | -4/Garrison | Spotted Executioner 26316 | -4/Garrison | Destroyed Executioner 26330 | -4/Garrison | Rewired Executioner 26333 | -4/Garrison | Rewired Executioner 26377 | -4/Garrison | Triggered checkpoint 26389 | -4/Garrison | Garrison Relay disabled 26497 | -4/Garrison | Found embedded Infiltrators 26514 | -4/Garrison | Triggered checkpoint 26535 | -4/Garrison | Spotted B-86 Titan 26556 | -4/Garrison | Destroyed B-86 Titan 26600 | -4/Garrison | Garrison Relay disabled 26707 | -4/Garrison | Garrison Relay disabled 26723 | -4/Garrison | Triggered checkpoint 26789 | -4/Garrison | Lost 4 allies 26825 | -4/Garrison | Entered Factory 26825 | -4/Factory | Accompanied by 9 allies 26914 | -4/Factory | Fabricated M-13 Machinist (x1) 26936 | -4/Factory | Discovered new exit (range 8) 27454 | -4/Factory | Discovered exit to Upper Caves (range 16) 27478 | -4/Factory | Spotted B-86 Titan 27486 | -4/Factory | Allies destroyed B-86 Titan 27506 | -4/Factory | Garrison activated, responded to threat 27516 | -4/Factory | Allies destroyed Executioner 27540 | -4/Factory | Identified exit to Garrison 27547 | -4/Factory | Lost 4 allies 27549 | -4/Factory | Entered Garrison 27549 | -4/Garrison | Accompanied by 11 allies 27579 | -4/Garrison | Triggered checkpoint 27600 | -4/Garrison | Expanded RIF knowledge: Program Shield 27621 | -4/Garrison | Garrison Relay disabled 27681 | -4/Garrison | Triggered checkpoint 27694 | -4/Garrison | Spotted B-86 Titan 27712 | -4/Garrison | Allies destroyed B-86 Titan 27715 | -4/Garrison | Triggered checkpoint 27734 | -4/Garrison | Triggered checkpoint 27759 | -4/Garrison | Lost 8 allies 27890 | -4/Garrison | Garrison Relay disabled 27906 | -4/Garrison | Garrison Relay disabled 27950 | -4/Garrison | Discovered new exit (range 8) 27962 | -4/Garrison | Found embedded Infiltrators 28077 | -4/Garrison | Triggered checkpoint 28115 | -4/Garrison | Garrison Relay disabled 28161 | -4/Garrison | Discovered new exit (range 9) 28186 | -4/Garrison | Spotted B-75 Beast 28187 | -4/Garrison | Rewired B-75 Beast 28197 | -4/Garrison | Destroyed B-75 Beast 28206 | -4/Garrison | Rewired B-90 Cyclops 28384 | -4/Garrison | Discovered new exit (range 10) 28393 | -4/Garrison | Triggered checkpoint 28411 | -4/Garrison | Garrison Relay disabled 28437 | -4/Garrison | Triggered checkpoint 28585 | -4/Garrison | Lost 11 allies 28963 | -4/Garrison | Entered Research 28963 | -3/Research | Accompanied by 15 allies 28963 | -3/Research | Evolved 2 slots: Power x1, Utility x1 28991 | -3/Research | Identified exit to Armory 28991 | -3/Research | Identified exit to Testing 29047 | -3/Research | Spotted B-86 Titan 29064 | -3/Research | Allies destroyed Beast 7a 29141 | -3/Research | Central database locked down 29204 | -3/Research | Unchained authorized (GL-D0S) 29447 | -3/Research | Spotted B-86 Titan 29569 | -3/Research | Lost 7 allies 29800 | -3/Research | Entered Testing 29800 | -3/Testing | Accompanied by 2 allies 30019 | -3/Testing | Found Fusion Bomb Launcher 30038 | -3/Testing | Found Prototype Energy Cannon 30038 | -3/Testing | Identified Cld. Nova Cannon 30071 | -3/Testing | Found Prototype Energy Gun 30071 | -3/Testing | Identified Hyp. EM Gauss Rifle 30234 | -3/Testing | Spotted Striker 30296 | -3/Testing | Lost 3 allies 30336 | -3/Testing | Lost 4 allies 30384 | -3/Testing | Found Prototype Device 30384 | -3/Testing | Identified Exp. Hardlight Generator 30458 | -3/Testing | P-80 Master assimilated allied Artificer 8b 30469 | -3/Testing | Spotted Striker 30490 | -3/Testing | Destroyed Striker 30499 | -3/Testing | Destroyed Striker 30513 | -3/Testing | Discovered new exit (range 15) 30573 | -3/Testing | Central database locked down 30749 | -3/Testing | Spotted PY-2YRFPIO6NN 30910 | -3/Testing | Destroyed PY-2YRFPIO6NN 30949 | -3/Testing | Found Prototype Protection 30949 | -3/Testing | Identified Centrium Heavy Armor Plating 30956 | -3/Testing | System corruption reached 10% 31085 | -3/Testing | Entered Research 31085 | -2/Research | Evolved 2 slots: Propulsion x1, Utility x1 31243 | -2/Research | Spotted B-90 Cyclops 31246 | -2/Research | Unchained authorized (GL-D0S) 31326 | -2/Research | Destroyed B-90 Cyclops 31345 | -2/Research | Found Quantum Capacitor 31424 | -2/Research | Identified exit to Garrison 31424 | -2/Research | Entered Garrison 31440 | -2/Garrison | Triggered checkpoint 31466 | -2/Garrison | Triggered checkpoint 31472 | -2/Garrison | Garrison Relay disabled 31533 | -2/Garrison | Expanded RIF knowledge: Watcher Feeds 31620 | -2/Garrison | Warlord forces raided the area 31685 | -2/Garrison | Garrison Relay disabled 31696 | -2/Garrison | Lost 3 allies 31706 | -2/Garrison | Triggered checkpoint 31778 | -2/Garrison | Destroyed 9 combat bots 31784 | -2/Garrison | Learned Access security intel 31813 | -2/Garrison | Discovered new exit (range 10) 31836 | -2/Garrison | Triggered checkpoint 31843 | -2/Garrison | Garrison Relay disabled 32056 | -2/Garrison | Triggered checkpoint 32060 | -2/Garrison | Triggered checkpoint 32111 | -2/Garrison | Discovered new exit (range 13) 32140 | -2/Garrison | Triggered checkpoint 32153 | -2/Garrison | Garrison Relay disabled 32174 | -2/Garrison | Triggered checkpoint 32199 | -2/Garrison | Q-Series assembled to engage unique threat in Access 32234 | -2/Garrison | Triggered checkpoint 32331 | -2/Garrison | Garrison Relay disabled 32425 | -2/Garrison | Garrison Relay disabled 32483 | -2/Garrison | Spotted B-90 Cyclops 32483 | -2/Garrison | Spotted B-90 Cyclops 32550 | -2/Garrison | Destroyed B-90 Cyclops 32554 | -2/Garrison | Allies destroyed B-90 Cyclops 32674 | -2/Garrison | Spotted B-90 Cyclops 32817 | -2/Garrison | Entered Access 32817 | -1/Access | Evolved 2 slots: Utility x2 33438 | -1/Access | Fabricated M-13 Machinist (x1) 33545 | -1/Access | Discovered new exit (range 8) 33596 | -1/Access | Entered Command 33596 | -1/Command | Accompanied by 1 ally 34516 | -1/Command | System corruption reached 10% 34537 | -1/Command | Spotted B-99 Colossus 34772 | -1/Command | Destroyed B-99 Colossus 34801 | -1/Command | Lost 4 parts (4u) 34840 | -1/Command | Found Prototype Processor 34840 | -1/Command | Identified Exp. Armor Integrity Analyzer 34844 | -1/Command | Found Exp. Armor Integrity Analyzer 36014 | -1/Command | Spotted Striker 36039 | -1/Command | Spotted Alpha 7 36145 | -1/Command | Destroyed Striker 36145 | -1/Command | Destroyed Alpha 7 36147 | -1/Command | Spotted Executioner 36151 | -1/Command | Destroyed Executioner 36213 | -1/Command | Spotted Alpha 7 36224 | -1/Command | Spotted Striker 36228 | -1/Command | Destroyed Executioner 36229 | -1/Command | Destroyed Executioner 36230 | -1/Command | Destroyed Striker 36233 | -1/Command | Destroyed Alpha 7 36260 | -1/Command | Spotted Executioner 36262 | -1/Command | Destroyed Executioner 36266 | -1/Command | Spotted B-99 Colossus 36267 | -1/Command | Spotted B-99 Colossus 36270 | -1/Command | Destroyed B-99 Colossus 36273 | -1/Command | Destroyed B-99 Colossus 36477 | -1/Command | Spotted M Guard 36481 | -1/Command | Destroyed M Guard 36481 | -1/Command | Spotted Combat Programmer 36483 | -1/Command | Destroyed M Guard 36483 | -1/Command | Destroyed Combat Programmer 36488 | -1/Command | Destroyed Combat Programmer 36488 | -1/Command | All MAIN.C guards destroyed 36527 | -1/Command | Found Prototype Reactor 36527 | -1/Command | Identified Zero-point Reactor 36530 | -1/Command | Found Zero-point Reactor 36539 | -1/Command | Found Prototype Protection 36539 | -1/Command | Identified Hvy. Regenerative Plating 36542 | -1/Command | Found Cld. Nova Cannon 37238 | -1/Command | Build established: Scavenger-Mutant 38676 | -1/Command | Met MAIN.C 38682 | -1/Command | 0b10 Conduit disabled 38814 | -1/Command | Destroyed MAIN.C Shell 38817 | -1/Command | MAIN.C activated Command garrisons 38896 | -1/Command | P-80 Master assimilated allied Warden 10c 38930 | -1/Command | Core integrity fell below 50% 38930 | -1/Command | System corruption reached 30% 38932 | -1/Command | Core integrity fell below 20% 38932 | -1/Command | Destroyed by S-43 Plague with Heavy Machine Gun Last Messages --------------- 38927_ S-43 Plague unfolds itself. 38927_ S-43 Plague destroyed. 38928_ Slug penetrates Wall. 38928_ P-80 Master resets X-87 Electro, system corruption cleaned. 38928_ Slammed into C-57 Dissector. 38928_ Arm. Heavy Treads destroyed. 38929_ Biometal Heavy Treads destroyed. 38929_ Slug penetrates C-57 Dissector. 38929_ Penetrated by Slug. 38929_ Adv. Heat Sink destroyed. 38929_ Attempting to rewire C-57 Dissector. 38929_ C-45 Heavy ARC bursts open, deploying its payload. 38929_ P-80 Master unfolds itself. 38930_ P-80 Master resets H-88 Terminator, system corruption cleaned. 38930_ C-45 Heavy ARC bursts open, deploying its payload. 38930_ B-74 Champion unfolds itself. 38930_ G-73 Enforcer unfolds itself. 38930_ Slammed into C-57 Dissector. 38931_ P-80 Master resets C-57 Dissector, system corruption cleaned. 38931_ E-15 Imp destroyed. Map ----- +----------------------------------------------------+ | ????????????????????????????????????????????# | | ????????????????????????????????????????????# | | ????????????????????????????????????????????# | | ????????????????????????????????????????????# | | ????????????????????????????????????????????# | | ????????????????????????????????????????????###### | | ?????????????????????????????????????????????????? | | ?????????????????????????????????????????????????? | | ?????????????????????????????????????????????????? | | ????????????????????????? ?????????????????????? | | ????????????????????????? s ?????????????????????? | | ????????????????????????#Cgg#????????????????????? | | ????????????????????????#x #????????????????????? | | ????????????????????????# #????????????????????? | | ????????????????????????# #????????????????????? | | ????????????????????????# #????????????????????? | | ######################??#x #????????????????????? | | % #??# c #????????????????????? | | *]% % " " #??#es #????????????????????? | | %! "%" "%" #??# h #????????????????????? | | ##################% #??#g s#????????????????????? | | ?????????????????# #??#sg #????????????????????? | | ?????????????????# ####/ss###################??? | | ?????????????????# T##%!![;## !!### #??? | | ?????????????????#//p####sss###]%!# # #### | | ?????????????????# h cc@c = ]i g g%i + | | ?????????????????# sssxcxc] b + | | ?????????????????# psssh sh s p % + | | ?????????????????# ssx px s s ! % + | | ?????????????????#% p h !% + | | ?????????????????# ###hx ### W # W ## #### | | ?????????????????######?#xh #?# # ## #??? | | ????????????????????????#% #?###### ## ##??? | | ????????????????????????#x %#??????## #######???? | | ?????????????????????????pp #???????####?????????? | | ?????????????????????????ep #????????????????????? | | ????????????????????????? h#????????????????????? | | ????????????????????????? s #????????????????????? | | ?????????????????????????e h#????????????????????? | | ????????????????????????? #????????????????????? | | ????????????????????????? ?????????????????????? | | ?????????????????????????????????????????????????? | | ??????????????????????????????????????????????#### | | ??????????????????????????????????????????????# | | ??????????????????????????????????????????????# ## | | ??????????????????????????????????????????????# #? | | ??????????????????????????????????????????????# ## | | ??????????????????????????????????????????????# ## | | ??????????????????????????????????????????????# ## | | ??????????????????????????????????????????????# # | +----------------------------------------------------+ Best States ------------- Heat Dissipation 180 Coolant Potential 100 Energy Generation 83 Energy Capacity 1350 Matter Stores 300 Matter Capacity 300 Sight Range 16 Terrain Scan Density 10 Power Amplification 30 Base Temperature (-) 200 EM Shielding 3 Armor Coverage 1650 Resistance: KI 30 Resistance: TH 25 Utility Shielding 66 Evasion (%) 82 Targeting Accuracy 5 Target Analysis 6 Core Analysis 8 Armor Integrity Analysis 50 Recoil Reduction 8 Offensive Hacking 10 Relay Coupler Types 5 Relay Coupler Value 124 Authchip Count 1 Item Schematics ----------------- Com. Mass Driver | -3/Testing | Archive Thunder Hammer | -3/Testing | Archive Hds. Centrium Wheel | -3/Testing | Archive Adv. EM Shield | -3/Testing | Archive Shock Maul | -3/Testing | Archive Enh. Biometal Leg | -3/Testing | Archive Lrn. Phase Cannon | -3/Testing | Archive Robot Schematics ------------------ M-13 Machinist | -9/Materials | Hacked A-27 Freighter | -3/Testing | Archive R-06 Scavenger | -3/Testing | Archive K-01 Serf | -3/Testing | Archive A-02 Transporter | -3/Testing | Archive Fabricated ------------ M-13 Machinist | x1 | -6/Factory M-13 Machinist | x1 | -4/Factory | Authchip M-13 Machinist | x1 | -4/Factory M-13 Machinist | x1 | -1/Access | Authchip Repaired ---------- Adv. Remote Force Field | 42% | -5/Factory Studied --------- Ion Engine | -9/Materials | Hacked Aluminum Leg | -9/Materials | Hacked Assault Rifle | -9/Materials | Hacked Rocket Launcher | -9/Materials | Hacked Carbon-fiber Leg | -8/Materials | Hacked Hvy. Particle Cannon | -8/Materials | Hacked Imp. Aluminum Leg | -8/Materials | Hacked Deuterium Engine | -8/Materials | Hacked Titanium Leg | -8/Materials | Hacked Missile Launcher | -8/Materials | Hacked Remote Datajack | -7/Factory | Hacked Imp. Remote Datajack | -5/Factory | Hacked Adv. VSS Leg | -4/Factory | Hacked Myomer Leg | -3/Research | Hacked Adv. Remote Datajack | -3/Testing | Hacked Nova Cannon | -3/Testing | Hacked Particle Reactor | -3/Testing | Hacked Biometal Leg | -3/Testing | Hacked Com. HERF Cannon | -3/Testing | Hacked Imp. Thunder Leg | -3/Testing | Hacked Alien Tech Used ----------------- None Achievements -------------- Fancy Inventory Metal Spider Physics Hates This One Trick Tailor-made Challenges ------------ None Game ------ Seed ActiveNetworkedUnit Manual? 0 Play Time 04:50:43 Cumulative 794.5 hours Start 2025.11.03 @ 16:24:26 End 2025.11.06 @ 20:40:32 Sessions 20 Manual Loads 0 Difficulty Rogue Special Mode None Game No. 397 Rogue 397 Adventurer 0 Explorer 0 Win Type - Total 66 Types 42/5/6/4/1/1/3/2/1/1 Lore% 92 Gallery% 85 Achievement% 67 Wizard Run 0 Options --------- Layout 0 ASCII 0 Keyboard 0 Movement Numpad Keybinds 0 Fullscreen 2 Font 18/SmallcapsGlow Map View 76x50 Zoom Use 0% Tactical HUD 1 Map Filters NONE Filters NONE Steam 1 RUN: a9fc089a-a0d6-42db-8cee-4236ebe6b24e